Workbook
Name FED: LOOKUPS!$G$4:$H$170
Name FedDed: LOOKUPS!$P$4:$Q$210
Name NoGross: LOOKUPS!$D$4:$E$120
Name NoSS: LOOKUPS!$J$4:$K$178
Name NoSSDed: LOOKUPS!$S$4:$T$157
Name sc: 'Agency Request'!$SCR$7
Name State: LOOKUPS!$M$4:$N$177
Name State_Ded: LOOKUPS!$V$4:$W$42
Name unrecoverable: LOOKUPS!$A$21:$B$28

Sheet Instructions
A1: AGENCY RECOVERY REQUEST INSTRUCTIONS
A3: If the employee is overpaid and the agency is requesting a payroll check stop payment or a direct deposit reversal.
A4: 1. Complete the Agency Request tab form and email to PayrollReversalandExchange@osc.ny.gov within 24 hours of requesting the stop payment or direct deposit reversal.
A6: If the employee is overpaid and the agency is requesting a bank check.
A7: 1. Complete the Agency Request tab and email to PayrollReversalandExchange@osc.ny.gov before requesting anything from the employee.
A8: 2. OSC will review the request and respond to the agency with the proper recovery method and the verified amount.
A9: 3. The agency should request the verified amount from the employee via bank check.
A10: 4. Complete the ForDeposit tab and print.
A11: 5. Mail the Printed ForDeposit tab to the below address with the bank check.
A12: Note: If bank check pertains to more than one Agency Recovery Request worksheet provide the OSC Request ID for each worksheet on the ForDeposit tab.
A13: Note: OSC only accepts bank checks from the employee.
A15: Office of the State Comptroller
... A18: Albany, NY 12236

Sheet Agency Request
C1: 2026 Earnings Recovery Request
A2: Auto Tax Calc Worksheet | H2: OSC Request ID | O2: =C13&"_"&C3&"_"&TEXT(O12,"mm-dd-yyyy") -> __01-00-1900
A3: Employee ID | H3: Date Form Created
A4: Empl Record | H4: Dept ID
A5: Company | H5: Agency Contact Name
A6: Empl at SS Max | H6: Agency Contact Email
A8: Current EMPL Status | H8: Does OVH or Q Code Exist
A9: Repayment Method | H9: Cause of OVP
A10: Reason for Request
A12: PayCheck Number | H12: PayCheck Date
A13: PayGroup | H13: Total Days Overpaid
A14: Begin Date of OVP | H14: End Date of OVP
A15: EARNINGS
A16: Earnings Code | C16: Original Earnings | D16: Gross Amount | E16: Add to Fed | F16: Add to State | G16: Adds to SS | H16: Entitled To Earnings | J16: Add to Gross | K16: Add to Fed | L16: Add to State | M16: Adds to SS/Med | N16: Adds to Gross | O16: Return Earnings
D17: =IF(N17="Yes",C17,0) -> 0 | E17: =IF(ISNA(VLOOKUP(A17,FED,2,FALSE)),C17,0) -> 0 | F17: =IF(ISNA(VLOOKUP(A17,State,2,FALSE)),C17,0) -> 0 | G17: =IF(ISNA(VLOOKUP(A17,NoSS,2,FALSE)),C17,0) -> 0 | J17: =IF(N17="Yes",H17,0) -> 0 | K17: =IF(ISNA(VLOOKUP(A17,FED,2,FALSE)),H17,0) -> 0 | L17: =IF(ISNA(VLOOKUP(A17,State,2,FALSE)),H17,0) -> 0 | M17: =IF(ISNA(VLOOKUP(A17,NoSS,2,FALSE)),H17,0) -> 0 | N17: =IF(ISNA(VLOOKUP(A17,NoGross,2,FALSE)),"Yes","No") -> Yes | O17: =C17-H17 -> 0
D18: =IF(N18="Yes",C18,0) -> 0 | E18: =IF(ISNA(VLOOKUP(A18,FED,2,FALSE)),C18,0) -> 0 | F18: =IF(ISNA(VLOOKUP(A18,State,2,FALSE)),C18,0) -> 0 | G18: =IF(ISNA(VLOOKUP(A18,NoSS,2,FALSE)),C18,0) -> 0 | J18: =IF(N18="Yes",H18,0) -> 0 | K18: =IF(ISNA(VLOOKUP(A18,FED,2,FALSE)),H18,0) -> 0 | L18: =IF(ISNA(VLOOKUP(A18,State,2,FALSE)),H18,0) -> 0 | M18: =IF(ISNA(VLOOKUP(A18,NoSS,2,FALSE)),H18,0) -> 0 | N18: =IF(ISNA(VLOOKUP(A18,NoGross,2,FALSE)),"Yes","No") -> Yes | O18: =C18-H18 -> 0
D19: =IF(N19="Yes",C19,0) -> 0 | E19: =IF(ISNA(VLOOKUP(A19,FED,2,FALSE)),C19,0) -> 0 | F19: =IF(ISNA(VLOOKUP(A19,State,2,FALSE)),C19,0) -> 0 | G19: =IF(ISNA(VLOOKUP(A19,NoSS,2,FALSE)),C19,0) -> 0 | J19: =IF(N19="Yes",H19,0) -> 0 | K19: =IF(ISNA(VLOOKUP(A19,FED,2,FALSE)),H19,0) -> 0 | L19: =IF(ISNA(VLOOKUP(A19,State,2,FALSE)),H19,0) -> 0 | M19: =IF(ISNA(VLOOKUP(A19,NoSS,2,FALSE)),H19,0) -> 0 | N19: =IF(ISNA(VLOOKUP(A19,NoGross,2,FALSE)),"Yes","No") -> Yes | O19: =C19-H19 -> 0
D20: =IF(N20="Yes",C20,0) -> 0 | E20: =IF(ISNA(VLOOKUP(A20,FED,2,FALSE)),C20,0) -> 0 | F20: =IF(ISNA(VLOOKUP(A20,State,2,FALSE)),C20,0) -> 0 | G20: =IF(ISNA(VLOOKUP(A20,NoSS,2,FALSE)),C20,0) -> 0 | J20: =IF(N20="Yes",H20,0) -> 0 | K20: =IF(ISNA(VLOOKUP(A20,FED,2,FALSE)),H20,0) -> 0 | L20: =IF(ISNA(VLOOKUP(A20,State,2,FALSE)),H20,0) -> 0 | M20: =IF(ISNA(VLOOKUP(A20,NoSS,2,FALSE)),H20,0) -> 0 | N20: =IF(ISNA(VLOOKUP(A20,NoGross,2,FALSE)),"Yes","No") -> Yes | O20: =C20-H20 -> 0
D21: =IF(N21="Yes",C21,0) -> 0 | E21: =IF(ISNA(VLOOKUP(A21,FED,2,FALSE)),C21,0) -> 0 | F21: =IF(ISNA(VLOOKUP(A21,State,2,FALSE)),C21,0) -> 0 | G21: =IF(ISNA(VLOOKUP(A21,NoSS,2,FALSE)),C21,0) -> 0 | J21: =IF(N21="Yes",H21,0) -> 0 | K21: =IF(ISNA(VLOOKUP(A21,FED,2,FALSE)),H21,0) -> 0 | L21: =IF(ISNA(VLOOKUP(A21,State,2,FALSE)),H21,0) -> 0 | M21: =IF(ISNA(VLOOKUP(A21,NoSS,2,FALSE)),H21,0) -> 0 | N21: =IF(ISNA(VLOOKUP(A21,NoGross,2,FALSE)),"Yes","No") -> Yes | O21: =C21-H21 -> 0
D22: =IF(N22="Yes",C22,0) -> 0 | E22: =IF(ISNA(VLOOKUP(A22,FED,2,FALSE)),C22,0) -> 0 | F22: =IF(ISNA(VLOOKUP(A22,State,2,FALSE)),C22,0) -> 0 | G22: =IF(ISNA(VLOOKUP(A22,NoSS,2,FALSE)),C22,0) -> 0 | J22: =IF(N22="Yes",H22,0) -> 0 | K22: =IF(ISNA(VLOOKUP(A22,FED,2,FALSE)),H22,0) -> 0 | L22: =IF(ISNA(VLOOKUP(A22,State,2,FALSE)),H22,0) -> 0 | M22: =IF(ISNA(VLOOKUP(A22,NoSS,2,FALSE)),H22,0) -> 0 | N22: =IF(ISNA(VLOOKUP(A22,NoGross,2,FALSE)),"Yes","No") -> Yes | O22: =C22-H22 -> 0
D23: =IF(N23="Yes",C23,0) -> 0 | E23: =IF(ISNA(VLOOKUP(A23,FED,2,FALSE)),C23,0) -> 0 | F23: =IF(ISNA(VLOOKUP(A23,State,2,FALSE)),C23,0) -> 0 | G23: =IF(ISNA(VLOOKUP(A23,NoSS,2,FALSE)),C23,0) -> 0 | J23: =IF(N23="Yes",H23,0) -> 0 | K23: =IF(ISNA(VLOOKUP(A23,FED,2,FALSE)),H23,0) -> 0 | L23: =IF(ISNA(VLOOKUP(A23,State,2,FALSE)),H23,0) -> 0 | M23: =IF(ISNA(VLOOKUP(A23,NoSS,2,FALSE)),H23,0) -> 0 | N23: =IF(ISNA(VLOOKUP(A23,NoGross,2,FALSE)),"Yes","No") -> Yes | O23: =C23-H23 -> 0
D24: =IF(N24="Yes",C24,0) -> 0 | E24: =IF(ISNA(VLOOKUP(A24,FED,2,FALSE)),C24,0) -> 0 | F24: =IF(ISNA(VLOOKUP(A24,State,2,FALSE)),C24,0) -> 0 | G24: =IF(ISNA(VLOOKUP(A24,NoSS,2,FALSE)),C24,0) -> 0 | J24: =IF(N24="Yes",H24,0) -> 0 | K24: =IF(ISNA(VLOOKUP(A24,FED,2,FALSE)),H24,0) -> 0 | L24: =IF(ISNA(VLOOKUP(A24,State,2,FALSE)),H24,0) -> 0 | M24: =IF(ISNA(VLOOKUP(A24,NoSS,2,FALSE)),H24,0) -> 0 | N24: =IF(ISNA(VLOOKUP(A24,NoGross,2,FALSE)),"Yes","No") -> Yes | O24: =C24-H24 -> 0
D25: =IF(N25="Yes",C25,0) -> 0 | E25: =IF(ISNA(VLOOKUP(A25,FED,2,FALSE)),C25,0) -> 0 | F25: =IF(ISNA(VLOOKUP(A25,State,2,FALSE)),C25,0) -> 0 | G25: =IF(ISNA(VLOOKUP(A25,NoSS,2,FALSE)),C25,0) -> 0 | J25: =IF(N25="Yes",H25,0) -> 0 | K25: =IF(ISNA(VLOOKUP(A25,FED,2,FALSE)),H25,0) -> 0 | L25: =IF(ISNA(VLOOKUP(A25,State,2,FALSE)),H25,0) -> 0 | M25: =IF(ISNA(VLOOKUP(A25,NoSS,2,FALSE)),H25,0) -> 0 | N25: =IF(ISNA(VLOOKUP(A25,NoGross,2,FALSE)),"Yes","No") -> Yes | O25: =C25-H25 -> 0
D26: =IF(N26="Yes",C26,0) -> 0 | E26: =IF(ISNA(VLOOKUP(A26,FED,2,FALSE)),C26,0) -> 0 | F26: =IF(ISNA(VLOOKUP(A26,State,2,FALSE)),C26,0) -> 0 | G26: =IF(ISNA(VLOOKUP(A26,NoSS,2,FALSE)),C26,0) -> 0 | J26: =IF(N26="Yes",H26,0) -> 0 | K26: =IF(ISNA(VLOOKUP(A26,FED,2,FALSE)),H26,0) -> 0 | L26: =IF(ISNA(VLOOKUP(A26,State,2,FALSE)),H26,0) -> 0 | M26: =IF(ISNA(VLOOKUP(A26,NoSS,2,FALSE)),H26,0) -> 0 | N26: =IF(ISNA(VLOOKUP(A26,NoGross,2,FALSE)),"Yes","No") -> Yes | O26: =C26-H26 -> 0
D27: =IF(N27="Yes",C27,0) -> 0 | E27: =IF(ISNA(VLOOKUP(A27,FED,2,FALSE)),C27,0) -> 0 | F27: =IF(ISNA(VLOOKUP(A27,State,2,FALSE)),C27,0) -> 0 | G27: =IF(ISNA(VLOOKUP(A27,NoSS,2,FALSE)),C27,0) -> 0 | J27: =IF(N27="Yes",H27,0) -> 0 | K27: =IF(ISNA(VLOOKUP(A27,FED,2,FALSE)),H27,0) -> 0 | L27: =IF(ISNA(VLOOKUP(A27,State,2,FALSE)),H27,0) -> 0 | M27: =IF(ISNA(VLOOKUP(A27,NoSS,2,FALSE)),H27,0) -> 0 | N27: =IF(ISNA(VLOOKUP(A27,NoGross,2,FALSE)),"Yes","No") -> Yes | O27: =C27-H27 -> 0
D28: =IF(N28="Yes",C28,0) -> 0 | E28: =IF(ISNA(VLOOKUP(A28,FED,2,FALSE)),C28,0) -> 0 | F28: =IF(ISNA(VLOOKUP(A28,State,2,FALSE)),C28,0) -> 0 | G28: =IF(ISNA(VLOOKUP(A28,NoSS,2,FALSE)),C28,0) -> 0 | J28: =IF(N28="Yes",H28,0) -> 0 | K28: =IF(ISNA(VLOOKUP(A28,FED,2,FALSE)),H28,0) -> 0 | L28: =IF(ISNA(VLOOKUP(A28,State,2,FALSE)),H28,0) -> 0 | M28: =IF(ISNA(VLOOKUP(A28,NoSS,2,FALSE)),H28,0) -> 0 | N28: =IF(ISNA(VLOOKUP(A28,NoGross,2,FALSE)),"Yes","No") -> Yes | O28: =C28-H28 -> 0
... D35: =IF(N35="Yes",C35,0) -> 0 | E35: =IF(ISNA(VLOOKUP(A35,FED,2,FALSE)),C35,0) -> 0 | F35: =IF(ISNA(VLOOKUP(A35,State,2,FALSE)),C35,0) -> 0 | G35: =IF(ISNA(VLOOKUP(A35,NoSS,2,FALSE)),C35,0) -> 0 | J35: =IF(N35="Yes",H35,0) -> 0 | K35: =IF(ISNA(VLOOKUP(A35,FED,2,FALSE)),H35,0) -> 0 | L35: =IF(ISNA(VLOOKUP(A35,State,2,FALSE)),H35,0) -> 0 | M35: =IF(ISNA(VLOOKUP(A35,NoSS,2,FALSE)),H35,0) -> 0 | N35: =IF(ISNA(VLOOKUP(A35,NoGross,2,FALSE)),"Yes","No") -> Yes | O35: =C35-H35 -> 0
A36: GROSS | C36: =D36 -> 0 | D36: =SUM(D17:D35) -> 0 | E36: =SUM(E17:E35) -> 0 | F36: =SUM(F17:F35) -> 0 | G36: =SUM(G17:G35) -> 0 | H36: =J36 -> 0 | J36: =SUM(J17:J35) -> 0 | K36: =SUM(K17:K35) -> 0 | L36: =SUM(L17:L35) -> 0 | M36: =SUM(M17:M35) -> 0 | O36: =D36-J36 -> 0
A37: TAXES
A38: Tax Type | C38: Original Tax | H38: Entitled To Tax | O38: Return Tax
A39: FED TAX | K39: =K36-K67 -> 0 | O39: =IF(C39>0,C39-H39,"") | R39: Fed | S39: =C39/E39 -> #DIV/0!
A40: NYS TAX | L40: =L36-L67 -> 0 | O40: =IF(C40>0,C40-H40,"") | R40: State | S40: =C40/F40 -> #DIV/0!
A41: LOCAL | O41: =IF(C41>0,C41-H41,"") | R41: Local Tax | S41: =C41/F40 -> #DIV/0!
A42: OTHER TAX | O42: =IF(C42>0,C42-H42,"") | R42: Other | S42: =C42/F40 -> #DIV/0!
A43: SS TAX (FICA) 6.2% | G43: =G36-G67 -> 0 | H43: =IF(C43>0,ROUND(M43*LOOKUPS!Z16,2),"") | M43: =M36-M67 -> 0 | O43: =IF(C43>0,C43-H43,"")
A44: MEDICARE 1.45% | G44: =G36-G67 -> 0 | H44: =IF(C44>0,ROUND(M44*LOOKUPS!Z17,2),"") | M44: =M36-M67 -> 0 | O44: =IF(C44>0,C44-H44,"")
A45: PFL (FLI) | H45: =IF(C45>0,ROUND(J36*LOOKUPS!Z18,2),"") | O45: =IF(C45>0,C45-H45,"")
C46: =SUM(C39:C45) -> 0 | H46: =SUM(H39:H45) -> 0 | O46: =SUM(O39:O45) -> 0
A47: DEDUCTIONS
A48: Deduction Code | B48: Tax Class | C48: Original Ded | D48: Original EE | E48: BT FED | F48: BT State | G48: BT SS/MED | H48: Entitled To Ded | I48: Should be EE | J48: Should be ER | K48: BT FED | L48: BT State | M48: BT SS/MED | N48: Should be Unrecoverable | O48: Return Ded
O49: Employee | P49: Employer | W49: Unrecoverable | Y49: FED | Z49: STATE | AA49: SS/MED
D50: =IF(B50="N/P (ER)",0,C50) -> 0 | E50: =IF(B50 = "B (EE)",IF(Y50="N",C50,0),0) -> 0 | F50: =IF(B50 = "B (EE)",IF(Z50="N",C50,0),0) -> 0 | G50: =IF(B50 = "B (EE)",IF(AA50="N",C50,0),0) -> 0 | I50: =IF(B50="N/P (ER)",0,H50) -> 0 | J50: =IF(B50="N/P (ER)",H50,0) -> 0 | K50: =IF(B50 = "B (EE)",IF(Y50="N",H50,0),0) -> 0 | L50: =IF(B50 = "B (EE)",IF(Z50="N",H50,0),0) -> 0 | M50: =IF(B50 = "B (EE)",IF(AA50="N",H50,0),0) -> 0 | N50: =IF(W50 = FALSE,K50,D50) -> #N/A | O50: =IF(B50="N/P (ER)",0,C50-H50) -> 0 | P50: =IF(B50="N/P (ER)",C50-J50,0) -> 0 | W50: =VLOOKUP(A50,unrecoverable,2,FALSE) -> #N/A | Y50: =_xlfn.XLOOKUP(A50,LOOKUPS!P:P,LOOKUPS!Q:Q,"Y",0,1) -> 0 | Z50: =_xlfn.XLOOKUP(A50,LOOKUPS!S:S,LOOKUPS!T:T,"Y",0,1) -> 0 | AA50: =_xlfn.XLOOKUP(A50,LOOKUPS!V:V,LOOKUPS!W:W,"Y",0,1) -> 0
D51: =IF(B51="N/P (ER)",0,C51) -> 0 | E51: =IF(B51 = "B (EE)",IF(Y51="N",C51,0),0) -> 0 | F51: =IF(B51 = "B (EE)",IF(Z51="N",C51,0),0) -> 0 | G51: =IF(B51 = "B (EE)",IF(AA51="N",C51,0),0) -> 0 | I51: =IF(B51="N/P (ER)",0,H51) -> 0 | J51: =IF(B51="N/P (ER)",H51,0) -> 0 | K51: =IF(B51 = "B (EE)",IF(Y51="N",H51,0),0) -> 0 | L51: =IF(B51 = "B (EE)",IF(Z51="N",H51,0),0) -> 0 | M51: =IF(B51 = "B (EE)",IF(AA51="N",H51,0),0) -> 0 | N51: =IF(W51 = FALSE,K51,D51) -> #N/A | O51: =IF(B51="N/P (ER)",0,C51-H51) -> 0 | P51: =IF(B51="N/P (ER)",C51-J51,0) -> 0 | W51: =VLOOKUP(A51,unrecoverable,2,FALSE) -> #N/A | Y51: =_xlfn.XLOOKUP(A51,LOOKUPS!P:P,LOOKUPS!Q:Q,"Y",0,1) -> 0 | Z51: =_xlfn.XLOOKUP(A51,LOOKUPS!S:S,LOOKUPS!T:T,"Y",0,1) -> 0 | AA51: =_xlfn.XLOOKUP(A51,LOOKUPS!V:V,LOOKUPS!W:W,"Y",0,1) -> 0
D52: =IF(B52="N/P (ER)",0,C52) -> 0 | E52: =IF(B52 = "B (EE)",IF(Y52="N",C52,0),0) -> 0 | F52: =IF(B52 = "B (EE)",IF(Z52="N",C52,0),0) -> 0 | G52: =IF(B52 = "B (EE)",IF(AA52="N",C52,0),0) -> 0 | I52: =IF(B52="N/P (ER)",0,H52) -> 0 | J52: =IF(B52="N/P (ER)",H52,0) -> 0 | K52: =IF(B52 = "B (EE)",IF(Y52="N",H52,0),0) -> 0 | L52: =IF(B52 = "B (EE)",IF(Z52="N",H52,0),0) -> 0 | M52: =IF(B52 = "B (EE)",IF(AA52="N",H52,0),0) -> 0 | N52: =IF(W52 = FALSE,K52,D52) -> #N/A | O52: =IF(B52="N/P (ER)",0,C52-H52) -> 0 | P52: =IF(B52="N/P (ER)",C52-J52,0) -> 0 | W52: =VLOOKUP(A52,unrecoverable,2,FALSE) -> #N/A | Y52: =_xlfn.XLOOKUP(A52,LOOKUPS!P:P,LOOKUPS!Q:Q,"Y",0,1) -> 0 | Z52: =_xlfn.XLOOKUP(A52,LOOKUPS!S:S,LOOKUPS!T:T,"Y",0,1) -> 0 | AA52: =_xlfn.XLOOKUP(A52,LOOKUPS!V:V,LOOKUPS!W:W,"Y",0,1) -> 0
D53: =IF(B53="N/P (ER)",0,C53) -> 0 | E53: =IF(B53 = "B (EE)",IF(Y53="N",C53,0),0) -> 0 | F53: =IF(B53 = "B (EE)",IF(Z53="N",C53,0),0) -> 0 | G53: =IF(B53 = "B (EE)",IF(AA53="N",C53,0),0) -> 0 | I53: =IF(B53="N/P (ER)",0,H53) -> 0 | J53: =IF(B53="N/P (ER)",H53,0) -> 0 | K53: =IF(B53 = "B (EE)",IF(Y53="N",H53,0),0) -> 0 | L53: =IF(B53 = "B (EE)",IF(Z53="N",H53,0),0) -> 0 | M53: =IF(B53 = "B (EE)",IF(AA53="N",H53,0),0) -> 0 | N53: =IF(W53 = FALSE,K53,D53) -> #N/A | O53: =IF(B53="N/P (ER)",0,C53-H53) -> 0 | P53: =IF(B53="N/P (ER)",C53-J53,0) -> 0 | W53: =VLOOKUP(A53,unrecoverable,2,FALSE) -> #N/A | Y53: =_xlfn.XLOOKUP(A53,LOOKUPS!P:P,LOOKUPS!Q:Q,"Y",0,1) -> 0 | Z53: =_xlfn.XLOOKUP(A53,LOOKUPS!S:S,LOOKUPS!T:T,"Y",0,1) -> 0 | AA53: =_xlfn.XLOOKUP(A53,LOOKUPS!V:V,LOOKUPS!W:W,"Y",0,1) -> 0
D54: =IF(B54="N/P (ER)",0,C54) -> 0 | E54: =IF(B54 = "B (EE)",IF(Y54="N",C54,0),0) -> 0 | F54: =IF(B54 = "B (EE)",IF(Z54="N",C54,0),0) -> 0 | G54: =IF(B54 = "B (EE)",IF(AA54="N",C54,0),0) -> 0 | I54: =IF(B54="N/P (ER)",0,H54) -> 0 | J54: =IF(B54="N/P (ER)",H54,0) -> 0 | K54: =IF(B54 = "B (EE)",IF(Y54="N",H54,0),0) -> 0 | L54: =IF(B54 = "B (EE)",IF(Z54="N",H54,0),0) -> 0 | M54: =IF(B54 = "B (EE)",IF(AA54="N",H54,0),0) -> 0 | N54: =IF(W54 = FALSE,K54,D54) -> #N/A | O54: =IF(B54="N/P (ER)",0,C54-H54) -> 0 | P54: =IF(B54="N/P (ER)",C54-J54,0) -> 0 | W54: =VLOOKUP(A54,unrecoverable,2,FALSE) -> #N/A | Y54: =_xlfn.XLOOKUP(A54,LOOKUPS!P:P,LOOKUPS!Q:Q,"Y",0,1) -> 0 | Z54: =_xlfn.XLOOKUP(A54,LOOKUPS!S:S,LOOKUPS!T:T,"Y",0,1) -> 0 | AA54: =_xlfn.XLOOKUP(A54,LOOKUPS!V:V,LOOKUPS!W:W,"Y",0,1) -> 0
D55: =IF(B55="N/P (ER)",0,C55) -> 0 | E55: =IF(B55 = "B (EE)",IF(Y55="N",C55,0),0) -> 0 | F55: =IF(B55 = "B (EE)",IF(Z55="N",C55,0),0) -> 0 | G55: =IF(B55 = "B (EE)",IF(AA55="N",C55,0),0) -> 0 | I55: =IF(B55="N/P (ER)",0,H55) -> 0 | J55: =IF(B55="N/P (ER)",H55,0) -> 0 | K55: =IF(B55 = "B (EE)",IF(Y55="N",H55,0),0) -> 0 | L55: =IF(B55 = "B (EE)",IF(Z55="N",H55,0),0) -> 0 | M55: =IF(B55 = "B (EE)",IF(AA55="N",H55,0),0) -> 0 | N55: =IF(W55 = FALSE,K55,D55) -> #N/A | O55: =IF(B55="N/P (ER)",0,C55-H55) -> 0 | P55: =IF(B55="N/P (ER)",C55-J55,0) -> 0 | W55: =VLOOKUP(A55,unrecoverable,2,FALSE) -> #N/A | Y55: =_xlfn.XLOOKUP(A55,LOOKUPS!P:P,LOOKUPS!Q:Q,"Y",0,1) -> 0 | Z55: =_xlfn.XLOOKUP(A55,LOOKUPS!S:S,LOOKUPS!T:T,"Y",0,1) -> 0 | AA55: =_xlfn.XLOOKUP(A55,LOOKUPS!V:V,LOOKUPS!W:W,"Y",0,1) -> 0
D56: =IF(B56="N/P (ER)",0,C56) -> 0 | E56: =IF(B56 = "B (EE)",IF(Y56="N",C56,0),0) -> 0 | F56: =IF(B56 = "B (EE)",IF(Z56="N",C56,0),0) -> 0 | G56: =IF(B56 = "B (EE)",IF(AA56="N",C56,0),0) -> 0 | I56: =IF(B56="N/P (ER)",0,H56) -> 0 | J56: =IF(B56="N/P (ER)",H56,0) -> 0 | K56: =IF(B56 = "B (EE)",IF(Y56="N",H56,0),0) -> 0 | L56: =IF(B56 = "B (EE)",IF(Z56="N",H56,0),0) -> 0 | M56: =IF(B56 = "B (EE)",IF(AA56="N",H56,0),0) -> 0 | N56: =IF(W56 = FALSE,K56,D56) -> #N/A | O56: =IF(B56="N/P (ER)",0,C56-H56) -> 0 | P56: =IF(B56="N/P (ER)",C56-J56,0) -> 0 | W56: =VLOOKUP(A56,unrecoverable,2,FALSE) -> #N/A | Y56: =_xlfn.XLOOKUP(A56,LOOKUPS!P:P,LOOKUPS!Q:Q,"Y",0,1) -> 0 | Z56: =_xlfn.XLOOKUP(A56,LOOKUPS!S:S,LOOKUPS!T:T,"Y",0,1) -> 0 | AA56: =_xlfn.XLOOKUP(A56,LOOKUPS!V:V,LOOKUPS!W:W,"Y",0,1) -> 0
D57: =IF(B57="N/P (ER)",0,C57) -> 0 | E57: =IF(B57 = "B (EE)",IF(Y57="N",C57,0),0) -> 0 | F57: =IF(B57 = "B (EE)",IF(Z57="N",C57,0),0) -> 0 | G57: =IF(B57 = "B (EE)",IF(AA57="N",C57,0),0) -> 0 | I57: =IF(B57="N/P (ER)",0,H57) -> 0 | J57: =IF(B57="N/P (ER)",H57,0) -> 0 | K57: =IF(B57 = "B (EE)",IF(Y57="N",H57,0),0) -> 0 | L57: =IF(B57 = "B (EE)",IF(Z57="N",H57,0),0) -> 0 | M57: =IF(B57 = "B (EE)",IF(AA57="N",H57,0),0) -> 0 | N57: =IF(W57 = FALSE,K57,D57) -> #N/A | O57: =IF(B57="N/P (ER)",0,C57-H57) -> 0 | P57: =IF(B57="N/P (ER)",C57-J57,0) -> 0 | W57: =VLOOKUP(A57,unrecoverable,2,FALSE) -> #N/A | Y57: =_xlfn.XLOOKUP(A57,LOOKUPS!P:P,LOOKUPS!Q:Q,"Y",0,1) -> 0 | Z57: =_xlfn.XLOOKUP(A57,LOOKUPS!S:S,LOOKUPS!T:T,"Y",0,1) -> 0 | AA57: =_xlfn.XLOOKUP(A57,LOOKUPS!V:V,LOOKUPS!W:W,"Y",0,1) -> 0
D58: =IF(B58="N/P (ER)",0,C58) -> 0 | E58: =IF(B58 = "B (EE)",IF(Y58="N",C58,0),0) -> 0 | F58: =IF(B58 = "B (EE)",IF(Z58="N",C58,0),0) -> 0 | G58: =IF(B58 = "B (EE)",IF(AA58="N",C58,0),0) -> 0 | I58: =IF(B58="N/P (ER)",0,H58) -> 0 | J58: =IF(B58="N/P (ER)",H58,0) -> 0 | K58: =IF(B58 = "B (EE)",IF(Y58="N",H58,0),0) -> 0 | L58: =IF(B58 = "B (EE)",IF(Z58="N",H58,0),0) -> 0 | M58: =IF(B58 = "B (EE)",IF(AA58="N",H58,0),0) -> 0 | N58: =IF(W58 = FALSE,K58,D58) -> #N/A | O58: =IF(B58="N/P (ER)",0,C58-H58) -> 0 | P58: =IF(B58="N/P (ER)",C58-J58,0) -> 0 | W58: =VLOOKUP(A58,unrecoverable,2,FALSE) -> #N/A | Y58: =_xlfn.XLOOKUP(A58,LOOKUPS!P:P,LOOKUPS!Q:Q,"Y",0,1) -> 0 | Z58: =_xlfn.XLOOKUP(A58,LOOKUPS!S:S,LOOKUPS!T:T,"Y",0,1) -> 0 | AA58: =_xlfn.XLOOKUP(A58,LOOKUPS!V:V,LOOKUPS!W:W,"Y",0,1) -> 0
D59: =IF(B59="N/P (ER)",0,C59) -> 0 | E59: =IF(B59 = "B (EE)",IF(Y59="N",C59,0),0) -> 0 | F59: =IF(B59 = "B (EE)",IF(Z59="N",C59,0),0) -> 0 | G59: =IF(B59 = "B (EE)",IF(AA59="N",C59,0),0) -> 0 | I59: =IF(B59="N/P (ER)",0,H59) -> 0 | J59: =IF(B59="N/P (ER)",H59,0) -> 0 | K59: =IF(B59 = "B (EE)",IF(Y59="N",H59,0),0) -> 0 | L59: =IF(B59 = "B (EE)",IF(Z59="N",H59,0),0) -> 0 | M59: =IF(B59 = "B (EE)",IF(AA59="N",H59,0),0) -> 0 | N59: =IF(W59 = FALSE,K59,D59) -> #N/A | O59: =IF(B59="N/P (ER)",0,C59-H59) -> 0 | P59: =IF(B59="N/P (ER)",C59-J59,0) -> 0 | W59: =VLOOKUP(A59,unrecoverable,2,FALSE) -> #N/A | Y59: =_xlfn.XLOOKUP(A59,LOOKUPS!P:P,LOOKUPS!Q:Q,"Y",0,1) -> 0 | Z59: =_xlfn.XLOOKUP(A59,LOOKUPS!S:S,LOOKUPS!T:T,"Y",0,1) -> 0 | AA59: =_xlfn.XLOOKUP(A59,LOOKUPS!V:V,LOOKUPS!W:W,"Y",0,1) -> 0
D60: =IF(B60="N/P (ER)",0,C60) -> 0 | E60: =IF(B60 = "B (EE)",IF(Y60="N",C60,0),0) -> 0 | F60: =IF(B60 = "B (EE)",IF(Z60="N",C60,0),0) -> 0 | G60: =IF(B60 = "B (EE)",IF(AA60="N",C60,0),0) -> 0 | I60: =IF(B60="N/P (ER)",0,H60) -> 0 | J60: =IF(B60="N/P (ER)",H60,0) -> 0 | K60: =IF(B60 = "B (EE)",IF(Y60="N",H60,0),0) -> 0 | L60: =IF(B60 = "B (EE)",IF(Z60="N",H60,0),0) -> 0 | M60: =IF(B60 = "B (EE)",IF(AA60="N",H60,0),0) -> 0 | N60: =IF(W60 = FALSE,K60,D60) -> #N/A | O60: =IF(B60="N/P (ER)",0,C60-H60) -> 0 | P60: =IF(B60="N/P (ER)",C60-J60,0) -> 0 | W60: =VLOOKUP(A60,unrecoverable,2,FALSE) -> #N/A | Y60: =_xlfn.XLOOKUP(A60,LOOKUPS!P:P,LOOKUPS!Q:Q,"Y",0,1) -> 0 | Z60: =_xlfn.XLOOKUP(A60,LOOKUPS!S:S,LOOKUPS!T:T,"Y",0,1) -> 0 | AA60: =_xlfn.XLOOKUP(A60,LOOKUPS!V:V,LOOKUPS!W:W,"Y",0,1) -> 0
D61: =IF(B61="N/P (ER)",0,C61) -> 0 | E61: =IF(B61 = "B (EE)",IF(Y61="N",C61,0),0) -> 0 | F61: =IF(B61 = "B (EE)",IF(Z61="N",C61,0),0) -> 0 | G61: =IF(B61 = "B (EE)",IF(AA61="N",C61,0),0) -> 0 | I61: =IF(B61="N/P (ER)",0,H61) -> 0 | J61: =IF(B61="N/P (ER)",H61,0) -> 0 | K61: =IF(B61 = "B (EE)",IF(Y61="N",H61,0),0) -> 0 | L61: =IF(B61 = "B (EE)",IF(Z61="N",H61,0),0) -> 0 | M61: =IF(B61 = "B (EE)",IF(AA61="N",H61,0),0) -> 0 | N61: =IF(W61 = FALSE,K61,D61) -> #N/A | O61: =IF(B61="N/P (ER)",0,C61-H61) -> 0 | P61: =IF(B61="N/P (ER)",C61-J61,0) -> 0 | W61: =VLOOKUP(A61,unrecoverable,2,FALSE) -> #N/A | Y61: =_xlfn.XLOOKUP(A61,LOOKUPS!P:P,LOOKUPS!Q:Q,"Y",0,1) -> 0 | Z61: =_xlfn.XLOOKUP(A61,LOOKUPS!S:S,LOOKUPS!T:T,"Y",0,1) -> 0 | AA61: =_xlfn.XLOOKUP(A61,LOOKUPS!V:V,LOOKUPS!W:W,"Y",0,1) -> 0
... D66: =IF(B66="N/P (ER)",0,C66) -> 0 | E66: =IF(B66 = "B (EE)",IF(Y66="N",C66,0),0) -> 0 | F66: =IF(B66 = "B (EE)",IF(Z66="N",C66,0),0) -> 0 | G66: =IF(B66 = "B (EE)",IF(AA66="N",C66,0),0) -> 0 | I66: =IF(B66="N/P (ER)",0,H66) -> 0 | J66: =IF(B66="N/P (ER)",H66,0) -> 0 | K66: =IF(B66 = "B (EE)",IF(Y66="N",H66,0),0) -> 0 | L66: =IF(B66 = "B (EE)",IF(Z66="N",H66,0),0) -> 0 | M66: =IF(B66 = "B (EE)",IF(AA66="N",H66,0),0) -> 0 | N66: =IF(W66 = FALSE,K66,D66) -> #N/A | O66: =IF(B66="N/P (ER)",0,C66-H66) -> 0 | P66: =IF(B66="N/P (ER)",C66-J66,0) -> 0 | W66: =VLOOKUP(A66,unrecoverable,2,FALSE) -> #N/A | Y66: =_xlfn.XLOOKUP(A66,LOOKUPS!P:P,LOOKUPS!Q:Q,"Y",0,1) -> 0 | Z66: =_xlfn.XLOOKUP(A66,LOOKUPS!S:S,LOOKUPS!T:T,"Y",0,1) -> 0 | AA66: =_xlfn.XLOOKUP(A66,LOOKUPS!V:V,LOOKUPS!W:W,"Y",0,1) -> 0
A67: NET PAY | C67: =C36-(C46+D67) -> 0 | D67: =SUM(D50:D66) -> 0 | E67: =SUM(E50:E66) -> 0 | F67: =SUM(F50:F66) -> 0 | G67: =SUM(G50:G66) -> 0 | H67: =H36-(H46+I67) -> 0 | I67: =SUM(I50:I66) -> 0 | K67: =SUM(K50:K66) -> 0 | L67: =SUM(L50:L66) -> 0 | M67: =SUM(M50:M66) -> 0 | O67: =O36-SUM(O46,O50:O66) -> 0

Sheet OSC AUDIT
A1: Earnings Recovery Request
I2: OSC Request ID | P2: =C13&"_"&C3&"_"&TEXT(P12,"mm/dd/yyyy") -> 0_0_01/00/1900
A3: Employee ID | C3: ='Agency Request'!C3 -> 0 | I3: Date Form Created | P3: ='Agency Request'!O3 -> 0
A4: Empl Record | C4: ='Agency Request'!C4 -> 0 | I4: Dept ID | P4: ='Agency Request'!O4 -> 0
A5: Company | C5: ='Agency Request'!C5 -> 0 | I5: Agency Contact Name | P5: ='Agency Request'!O5 -> 0
A6: Empl at SS Max | C6: ='Agency Request'!C6 -> 0 | I6: Agency Contact Email | P6: ='Agency Request'!O6 -> 0
A8: Current EMPL Status | C8: ='Agency Request'!C8 -> 0 | I8: Does OVH or Q Code Exist | P8: ='Agency Request'!O8 -> 0
A9: Repayment Method | D9: ='Agency Request'!#REF! -> #REF! | I9: Cause of OVP | P9: ='Agency Request'!O9 -> 0
A10: Reason for Request | C10: ='Agency Request'!C10 -> 0
A12: PayCheck Number | C12: ='Agency Request'!C12 -> 0 | I12: PayCheck Date | P12: ='Agency Request'!O12 -> 0
A13: PayGroup | C13: ='Agency Request'!C13 -> 0 | I13: Total Days Overpaid | P13: ='Agency Request'!O13 -> 0
A14: Begin Date of OVP | C14: ='Agency Request'!C14 -> 0 | I14: End Date of OVP | P14: ='Agency Request'!O14 -> 0
A15: Audit Date | D15: 43831 | I15: Auditor
A16: EARNINGS
A17: Earnings Code | C17: Original Earnings | E17: Gross Amount | F17: Add to Fed | G17: Add to State | H17: Adds to SS | I17: Entitled To Earnings | K17: Add to Gross | L17: Add to Fed | M17: Add to State | N17: Adds to SS/Med | O17: Adds to Gross | P17: Return Earnings
A18: ='Agency Request'!A17 -> 0 | C18: ='Agency Request'!C17 -> 0 | E18: =IF(O18="Yes",C18,0) -> 0 | F18: =IF(ISNA(VLOOKUP(A18,FED,2,FALSE)),C18,0) -> 0 | G18: =IF(ISNA(VLOOKUP(A18,State,2,FALSE)),C18,0) -> 0 | H18: =IF(ISNA(VLOOKUP(A18,NoSS,2,FALSE)),C18,0) -> 0 | I18: ='Agency Request'!H17 -> 0 | K18: =IF(O18="Yes",I18,0) -> 0 | L18: =IF(ISNA(VLOOKUP(A18,FED,2,FALSE)),I18,0) -> 0 | M18: =IF(ISNA(VLOOKUP(A18,State,2,FALSE)),I18,0) -> 0 | N18: =IF(ISNA(VLOOKUP(A18,NoSS,2,FALSE)),I18,0) -> 0 | O18: =IF(ISNA(VLOOKUP(A18,NoGross,2,FALSE)),"Yes","No") -> Yes | P18: =C18-I18 -> 0
A19: ='Agency Request'!A18 -> 0 | C19: ='Agency Request'!C18 -> 0 | E19: =IF(O19="Yes",C19,0) -> 0 | F19: =IF(ISNA(VLOOKUP(A19,FED,2,FALSE)),C19,0) -> 0 | G19: =IF(ISNA(VLOOKUP(A19,State,2,FALSE)),C19,0) -> 0 | H19: =IF(ISNA(VLOOKUP(A19,NoSS,2,FALSE)),C19,0) -> 0 | I19: ='Agency Request'!H18 -> 0 | K19: =IF(O19="Yes",I19,0) -> 0 | L19: =IF(ISNA(VLOOKUP(A19,FED,2,FALSE)),I19,0) -> 0 | M19: =IF(ISNA(VLOOKUP(A19,State,2,FALSE)),I19,0) -> 0 | N19: =IF(ISNA(VLOOKUP(A19,NoSS,2,FALSE)),I19,0) -> 0 | O19: =IF(ISNA(VLOOKUP(A19,NoGross,2,FALSE)),"Yes","No") -> Yes | P19: =C19-I19 -> 0
A20: ='Agency Request'!A19 -> 0 | C20: ='Agency Request'!C19 -> 0 | E20: =IF(O20="Yes",C20,0) -> 0 | F20: =IF(ISNA(VLOOKUP(A20,FED,2,FALSE)),C20,0) -> 0 | G20: =IF(ISNA(VLOOKUP(A20,State,2,FALSE)),C20,0) -> 0 | H20: =IF(ISNA(VLOOKUP(A20,NoSS,2,FALSE)),C20,0) -> 0 | I20: ='Agency Request'!H19 -> 0 | K20: =IF(O20="Yes",I20,0) -> 0 | L20: =IF(ISNA(VLOOKUP(A20,FED,2,FALSE)),I20,0) -> 0 | M20: =IF(ISNA(VLOOKUP(A20,State,2,FALSE)),I20,0) -> 0 | N20: =IF(ISNA(VLOOKUP(A20,NoSS,2,FALSE)),I20,0) -> 0 | O20: =IF(ISNA(VLOOKUP(A20,NoGross,2,FALSE)),"Yes","No") -> Yes | P20: =C20-I20 -> 0
A21: ='Agency Request'!A20 -> 0 | C21: ='Agency Request'!C20 -> 0 | E21: =IF(O21="Yes",C21,0) -> 0 | F21: =IF(ISNA(VLOOKUP(A21,FED,2,FALSE)),C21,0) -> 0 | G21: =IF(ISNA(VLOOKUP(A21,State,2,FALSE)),C21,0) -> 0 | H21: =IF(ISNA(VLOOKUP(A21,NoSS,2,FALSE)),C21,0) -> 0 | I21: ='Agency Request'!H20 -> 0 | K21: =IF(O21="Yes",I21,0) -> 0 | L21: =IF(ISNA(VLOOKUP(A21,FED,2,FALSE)),I21,0) -> 0 | M21: =IF(ISNA(VLOOKUP(A21,State,2,FALSE)),I21,0) -> 0 | N21: =IF(ISNA(VLOOKUP(A21,NoSS,2,FALSE)),I21,0) -> 0 | O21: =IF(ISNA(VLOOKUP(A21,NoGross,2,FALSE)),"Yes","No") -> Yes | P21: =C21-I21 -> 0
A22: ='Agency Request'!A21 -> 0 | C22: ='Agency Request'!C21 -> 0 | E22: =IF(O22="Yes",C22,0) -> 0 | F22: =IF(ISNA(VLOOKUP(A22,FED,2,FALSE)),C22,0) -> 0 | G22: =IF(ISNA(VLOOKUP(A22,State,2,FALSE)),C22,0) -> 0 | H22: =IF(ISNA(VLOOKUP(A22,NoSS,2,FALSE)),C22,0) -> 0 | I22: ='Agency Request'!H21 -> 0 | K22: =IF(O22="Yes",I22,0) -> 0 | L22: =IF(ISNA(VLOOKUP(A22,FED,2,FALSE)),I22,0) -> 0 | M22: =IF(ISNA(VLOOKUP(A22,State,2,FALSE)),I22,0) -> 0 | N22: =IF(ISNA(VLOOKUP(A22,NoSS,2,FALSE)),I22,0) -> 0 | O22: =IF(ISNA(VLOOKUP(A22,NoGross,2,FALSE)),"Yes","No") -> Yes | P22: =C22-I22 -> 0
A23: ='Agency Request'!A22 -> 0 | C23: ='Agency Request'!C22 -> 0 | E23: =IF(O23="Yes",C23,0) -> 0 | F23: =IF(ISNA(VLOOKUP(A23,FED,2,FALSE)),C23,0) -> 0 | G23: =IF(ISNA(VLOOKUP(A23,State,2,FALSE)),C23,0) -> 0 | H23: =IF(ISNA(VLOOKUP(A23,NoSS,2,FALSE)),C23,0) -> 0 | I23: ='Agency Request'!H22 -> 0 | K23: =IF(O23="Yes",I23,0) -> 0 | L23: =IF(ISNA(VLOOKUP(A23,FED,2,FALSE)),I23,0) -> 0 | M23: =IF(ISNA(VLOOKUP(A23,State,2,FALSE)),I23,0) -> 0 | N23: =IF(ISNA(VLOOKUP(A23,NoSS,2,FALSE)),I23,0) -> 0 | O23: =IF(ISNA(VLOOKUP(A23,NoGross,2,FALSE)),"Yes","No") -> Yes | P23: =C23-I23 -> 0
A24: ='Agency Request'!A23 -> 0 | C24: ='Agency Request'!C23 -> 0 | E24: =IF(O24="Yes",C24,0) -> 0 | F24: =IF(ISNA(VLOOKUP(A24,FED,2,FALSE)),C24,0) -> 0 | G24: =IF(ISNA(VLOOKUP(A24,State,2,FALSE)),C24,0) -> 0 | H24: =IF(ISNA(VLOOKUP(A24,NoSS,2,FALSE)),C24,0) -> 0 | I24: ='Agency Request'!H23 -> 0 | K24: =IF(O24="Yes",I24,0) -> 0 | L24: =IF(ISNA(VLOOKUP(A24,FED,2,FALSE)),I24,0) -> 0 | M24: =IF(ISNA(VLOOKUP(A24,State,2,FALSE)),I24,0) -> 0 | N24: =IF(ISNA(VLOOKUP(A24,NoSS,2,FALSE)),I24,0) -> 0 | O24: =IF(ISNA(VLOOKUP(A24,NoGross,2,FALSE)),"Yes","No") -> Yes | P24: =C24-I24 -> 0
A25: ='Agency Request'!A24 -> 0 | C25: ='Agency Request'!C24 -> 0 | E25: =IF(O25="Yes",C25,0) -> 0 | F25: =IF(ISNA(VLOOKUP(A25,FED,2,FALSE)),C25,0) -> 0 | G25: =IF(ISNA(VLOOKUP(A25,State,2,FALSE)),C25,0) -> 0 | H25: =IF(ISNA(VLOOKUP(A25,NoSS,2,FALSE)),C25,0) -> 0 | I25: ='Agency Request'!H24 -> 0 | K25: =IF(O25="Yes",I25,0) -> 0 | L25: =IF(ISNA(VLOOKUP(A25,FED,2,FALSE)),I25,0) -> 0 | M25: =IF(ISNA(VLOOKUP(A25,State,2,FALSE)),I25,0) -> 0 | N25: =IF(ISNA(VLOOKUP(A25,NoSS,2,FALSE)),I25,0) -> 0 | O25: =IF(ISNA(VLOOKUP(A25,NoGross,2,FALSE)),"Yes","No") -> Yes | P25: =C25-I25 -> 0
A26: ='Agency Request'!A25 -> 0 | C26: ='Agency Request'!C25 -> 0 | E26: =IF(O26="Yes",C26,0) -> 0 | F26: =IF(ISNA(VLOOKUP(A26,FED,2,FALSE)),C26,0) -> 0 | G26: =IF(ISNA(VLOOKUP(A26,State,2,FALSE)),C26,0) -> 0 | H26: =IF(ISNA(VLOOKUP(A26,NoSS,2,FALSE)),C26,0) -> 0 | I26: ='Agency Request'!H25 -> 0 | K26: =IF(O26="Yes",I26,0) -> 0 | L26: =IF(ISNA(VLOOKUP(A26,FED,2,FALSE)),I26,0) -> 0 | M26: =IF(ISNA(VLOOKUP(A26,State,2,FALSE)),I26,0) -> 0 | N26: =IF(ISNA(VLOOKUP(A26,NoSS,2,FALSE)),I26,0) -> 0 | O26: =IF(ISNA(VLOOKUP(A26,NoGross,2,FALSE)),"Yes","No") -> Yes | P26: =C26-I26 -> 0
A27: ='Agency Request'!A26 -> 0 | C27: ='Agency Request'!C26 -> 0 | E27: =IF(O27="Yes",C27,0) -> 0 | F27: =IF(ISNA(VLOOKUP(A27,FED,2,FALSE)),C27,0) -> 0 | G27: =IF(ISNA(VLOOKUP(A27,State,2,FALSE)),C27,0) -> 0 | H27: =IF(ISNA(VLOOKUP(A27,NoSS,2,FALSE)),C27,0) -> 0 | I27: ='Agency Request'!H26 -> 0 | K27: =IF(O27="Yes",I27,0) -> 0 | L27: =IF(ISNA(VLOOKUP(A27,FED,2,FALSE)),I27,0) -> 0 | M27: =IF(ISNA(VLOOKUP(A27,State,2,FALSE)),I27,0) -> 0 | N27: =IF(ISNA(VLOOKUP(A27,NoSS,2,FALSE)),I27,0) -> 0 | O27: =IF(ISNA(VLOOKUP(A27,NoGross,2,FALSE)),"Yes","No") -> Yes | P27: =C27-I27 -> 0
A28: ='Agency Request'!A27 -> 0 | C28: ='Agency Request'!C27 -> 0 | E28: =IF(O28="Yes",C28,0) -> 0 | F28: =IF(ISNA(VLOOKUP(A28,FED,2,FALSE)),C28,0) -> 0 | G28: =IF(ISNA(VLOOKUP(A28,State,2,FALSE)),C28,0) -> 0 | H28: =IF(ISNA(VLOOKUP(A28,NoSS,2,FALSE)),C28,0) -> 0 | I28: ='Agency Request'!H27 -> 0 | K28: =IF(O28="Yes",I28,0) -> 0 | L28: =IF(ISNA(VLOOKUP(A28,FED,2,FALSE)),I28,0) -> 0 | M28: =IF(ISNA(VLOOKUP(A28,State,2,FALSE)),I28,0) -> 0 | N28: =IF(ISNA(VLOOKUP(A28,NoSS,2,FALSE)),I28,0) -> 0 | O28: =IF(ISNA(VLOOKUP(A28,NoGross,2,FALSE)),"Yes","No") -> Yes | P28: =C28-I28 -> 0
A29: ='Agency Request'!A28 -> 0 | C29: ='Agency Request'!C28 -> 0 | E29: =IF(O29="Yes",C29,0) -> 0 | F29: =IF(ISNA(VLOOKUP(A29,FED,2,FALSE)),C29,0) -> 0 | G29: =IF(ISNA(VLOOKUP(A29,State,2,FALSE)),C29,0) -> 0 | H29: =IF(ISNA(VLOOKUP(A29,NoSS,2,FALSE)),C29,0) -> 0 | I29: ='Agency Request'!H28 -> 0 | K29: =IF(O29="Yes",I29,0) -> 0 | L29: =IF(ISNA(VLOOKUP(A29,FED,2,FALSE)),I29,0) -> 0 | M29: =IF(ISNA(VLOOKUP(A29,State,2,FALSE)),I29,0) -> 0 | N29: =IF(ISNA(VLOOKUP(A29,NoSS,2,FALSE)),I29,0) -> 0 | O29: =IF(ISNA(VLOOKUP(A29,NoGross,2,FALSE)),"Yes","No") -> Yes | P29: =C29-I29 -> 0
... A36: ='Agency Request'!A35 -> 0 | C36: ='Agency Request'!C35 -> 0 | E36: =IF(O36="Yes",C36,0) -> 0 | F36: =IF(ISNA(VLOOKUP(A36,FED,2,FALSE)),C36,0) -> 0 | G36: =IF(ISNA(VLOOKUP(A36,State,2,FALSE)),C36,0) -> 0 | H36: =IF(ISNA(VLOOKUP(A36,NoSS,2,FALSE)),C36,0) -> 0 | I36: ='Agency Request'!H35 -> 0 | K36: =IF(O36="Yes",I36,0) -> 0 | L36: =IF(ISNA(VLOOKUP(A36,FED,2,FALSE)),I36,0) -> 0 | M36: =IF(ISNA(VLOOKUP(A36,State,2,FALSE)),I36,0) -> 0 | N36: =IF(ISNA(VLOOKUP(A36,NoSS,2,FALSE)),I36,0) -> 0 | O36: =IF(ISNA(VLOOKUP(A36,NoGross,2,FALSE)),"Yes","No") -> Yes | P36: =C36-I36 -> 0
A37: GROSS | C37: =E37 -> 0 | E37: =SUM(E18:E36) -> 0 | F37: =SUM(F18:F36) -> 0 | G37: =SUM(G18:G36) -> 0 | H37: =SUM(H18:H36) -> 0 | I37: =K37 -> 0 | K37: =SUM(K18:K36) -> 0 | L37: =SUM(L18:L36) -> 0 | M37: =SUM(M18:M36) -> 0 | N37: =SUM(N18:N36) -> 0 | P37: =E37-K37 -> 0
A38: TAXES
A39: Tax Type | C39: Original Tax | I39: Entitled To Tax | P39: Return Tax
A40: FED TAX | C40: ='Agency Request'!C39 -> 0 | E40: ='Agency Request'!E39 -> 0 | G40: ='Agency Request'!G39 -> 0 | I40: ='Agency Request'!H39 -> 0 | L40: =L37-L68 -> 0 | P40: =C40-I40 -> 0 | S40: Fed | T40: =C40/F40 -> #DIV/0!
A41: NYS TAX | C41: ='Agency Request'!C40 -> 0 | E41: ='Agency Request'!E40 -> 0 | G41: ='Agency Request'!G40 -> 0 | I41: ='Agency Request'!H40 -> 0 | M41: =M37-M68 -> 0 | P41: =C41-I41 -> 0 | S41: State | T41: =C41/G41 -> #DIV/0!
A42: LOCAL | B42: ='Agency Request'!B41 -> 0 | C42: ='Agency Request'!C41 -> 0 | E42: ='Agency Request'!E41 -> 0 | G42: ='Agency Request'!G41 -> 0 | I42: ='Agency Request'!H41 -> 0 | P42: =C42-I42 -> 0 | S42: Local Tax | T42: =C42/G41 -> #DIV/0!
A43: OTHER TAX | B43: ='Agency Request'!B42 -> 0 | C43: ='Agency Request'!C42 -> 0 | E43: ='Agency Request'!E42 -> 0 | G43: ='Agency Request'!G42 -> 0 | I43: ='Agency Request'!H42 -> 0 | P43: =C43-I43 -> 0 | S43: Other | T43: =C43/G41 -> #DIV/0!
A44: SS TAX (FICA) 6.2% | C44: ='Agency Request'!C43 -> 0 | H44: =H37-H68 -> 0 | I44: =IF(C44>0,ROUND(N44*LOOKUPS!Z16,2),"") | N44: =N37-N68 -> 0 | P44: =IF(C44>0,C44-I44,"")
A45: MEDICARE 1.45% | C45: ='Agency Request'!C44 -> 0 | H45: =H37-H68 -> 0 | I45: =IF(C45>0,ROUND(N45*LOOKUPS!Z17,2),"") | N45: =N37-N68 -> 0 | P45: =IF(C45>0,C45-I45,"")
A46: PFL (FLI) | C46: ='Agency Request'!C45 -> 0 | I46: =IF(C46>0,ROUND(K37*LOOKUPS!Z18,2),"") | P46: =IF(C46>0,C46-I46,"")
C47: =SUM(C40:C46) -> 0 | I47: =SUM(I40:I46) -> 0 | P47: =SUM(P40:P46) -> 0
A48: DEDUCTIONS
A49: Deduction Code | B49: Tax Class | C49: Original Ded | E49: Original EE | F49: BT FED | G49: BT State | H49: BT SS/MED | I49: Entitled To Ded | J49: Should be EE | K49: Should be ER | L49: BT FED | M49: BT State | N49: BT SS/MED | O49: Should be Unrecoverable | P49: Return Ded
P50: EE | Q50: ER | X50: Unrecoverable | Z50: FED | AA50: STATE | AB50: SS/MED
A51: ='Agency Request'!A50 -> 0 | B51: ='Agency Request'!B50 -> 0 | C51: ='Agency Request'!C50 -> 0 | E51: =IF(B51="N/P (ER)",0,C51) -> 0 | F51: =IF(B51 = "B (EE)",IF(Z51="N",C51,0),0) -> 0 | G51: =IF(B51 = "B (EE)",IF(AA51="N",C51,0),0) -> 0 | H51: =IF(B51 = "B (EE)",IF(AB51="N",C51,0),0) -> 0 | I51: ='Agency Request'!H50 -> 0 | J51: =IF(B51="N/P (ER)",0,I51) -> 0 | K51: =IF(B51="N/P (ER)",I51,0) -> 0 | L51: =IF(B51 = "B (EE)",IF(Z51="N",I51,0),0) -> 0 | M51: =IF(B51 = "B (EE)",IF(AA51="N",I51,0),0) -> 0 | N51: =IF(B51 = "B (EE)",IF(AB51="N",I51,0),0) -> 0 | O51: =IF(X51 = FALSE,L51,E51) -> #N/A | P51: =IF(B51="N/P (ER)",0,C51-I51) -> 0 | Q51: =IF(B51="N/P (ER)",C51-J51,0) -> 0 | X51: =VLOOKUP(A51,unrecoverable,2,FALSE) -> #N/A | Z51: =IF(ISNA(VLOOKUP(A51,FedDed,2,FALSE)),"Y","N") -> Y | AA51: =IF(ISNA(VLOOKUP(A51,State_Ded,2,FALSE)),"Y","N") -> Y | AB51: =IF(ISNA(VLOOKUP(A51,NoSSDed,2,FALSE)),"Y","N") -> Y
A52: ='Agency Request'!A51 -> 0 | B52: ='Agency Request'!B51 -> 0 | C52: ='Agency Request'!C51 -> 0 | E52: =IF(B52="N/P (ER)",0,C52) -> 0 | F52: =IF(B52 = "B (EE)",IF(Z52="N",C52,0),0) -> 0 | G52: =IF(B52 = "B (EE)",IF(AA52="N",C52,0),0) -> 0 | H52: =IF(B52 = "B (EE)",IF(AB52="N",C52,0),0) -> 0 | I52: ='Agency Request'!H51 -> 0 | J52: =IF(B52="N/P (ER)",0,I52) -> 0 | K52: =IF(B52="N/P (ER)",I52,0) -> 0 | L52: =IF(B52 = "B (EE)",IF(Z52="N",I52,0),0) -> 0 | M52: =IF(B52 = "B (EE)",IF(AA52="N",I52,0),0) -> 0 | N52: =IF(B52 = "B (EE)",IF(AB52="N",I52,0),0) -> 0 | O52: =IF(X52 = FALSE,L52,E52) -> #N/A | P52: =IF(B52="N/P (ER)",0,C52-I52) -> 0 | Q52: =IF(B52="N/P (ER)",C52-J52,0) -> 0 | X52: =VLOOKUP(A52,unrecoverable,2,FALSE) -> #N/A | Z52: =IF(ISNA(VLOOKUP(A52,FedDed,2,FALSE)),"Y","N") -> Y | AA52: =IF(ISNA(VLOOKUP(A52,State_Ded,2,FALSE)),"Y","N") -> Y | AB52: =IF(ISNA(VLOOKUP(A52,NoSSDed,2,FALSE)),"Y","N") -> Y
A53: ='Agency Request'!A52 -> 0 | B53: ='Agency Request'!B52 -> 0 | C53: ='Agency Request'!C52 -> 0 | E53: =IF(B53="N/P (ER)",0,C53) -> 0 | F53: =IF(B53 = "B (EE)",IF(Z53="N",C53,0),0) -> 0 | G53: =IF(B53 = "B (EE)",IF(AA53="N",C53,0),0) -> 0 | H53: =IF(B53 = "B (EE)",IF(AB53="N",C53,0),0) -> 0 | I53: ='Agency Request'!H52 -> 0 | J53: =IF(B53="N/P (ER)",0,I53) -> 0 | K53: =IF(B53="N/P (ER)",I53,0) -> 0 | L53: =IF(B53 = "B (EE)",IF(Z53="N",I53,0),0) -> 0 | M53: =IF(B53 = "B (EE)",IF(AA53="N",I53,0),0) -> 0 | N53: =IF(B53 = "B (EE)",IF(AB53="N",I53,0),0) -> 0 | O53: =IF(X53 = FALSE,L53,E53) -> #N/A | P53: =IF(B53="N/P (ER)",0,C53-I53) -> 0 | Q53: =IF(B53="N/P (ER)",C53-J53,0) -> 0 | X53: =VLOOKUP(A53,unrecoverable,2,FALSE) -> #N/A | Z53: =IF(ISNA(VLOOKUP(A53,FedDed,2,FALSE)),"Y","N") -> Y | AA53: =IF(ISNA(VLOOKUP(A53,State_Ded,2,FALSE)),"Y","N") -> Y | AB53: =IF(ISNA(VLOOKUP(A53,NoSSDed,2,FALSE)),"Y","N") -> Y
A54: ='Agency Request'!A53 -> 0 | B54: ='Agency Request'!B53 -> 0 | C54: ='Agency Request'!C53 -> 0 | E54: =IF(B54="N/P (ER)",0,C54) -> 0 | F54: =IF(B54 = "B (EE)",IF(Z54="N",C54,0),0) -> 0 | G54: =IF(B54 = "B (EE)",IF(AA54="N",C54,0),0) -> 0 | H54: =IF(B54 = "B (EE)",IF(AB54="N",C54,0),0) -> 0 | I54: ='Agency Request'!H53 -> 0 | J54: =IF(B54="N/P (ER)",0,I54) -> 0 | K54: =IF(B54="N/P (ER)",I54,0) -> 0 | L54: =IF(B54 = "B (EE)",IF(Z54="N",I54,0),0) -> 0 | M54: =IF(B54 = "B (EE)",IF(AA54="N",I54,0),0) -> 0 | N54: =IF(B54 = "B (EE)",IF(AB54="N",I54,0),0) -> 0 | O54: =IF(X54 = FALSE,L54,E54) -> #N/A | P54: =IF(B54="N/P (ER)",0,C54-I54) -> 0 | Q54: =IF(B54="N/P (ER)",C54-J54,0) -> 0 | X54: =VLOOKUP(A54,unrecoverable,2,FALSE) -> #N/A | Z54: =IF(ISNA(VLOOKUP(A54,FedDed,2,FALSE)),"Y","N") -> Y | AA54: =IF(ISNA(VLOOKUP(A54,State_Ded,2,FALSE)),"Y","N") -> Y | AB54: =IF(ISNA(VLOOKUP(A54,NoSSDed,2,FALSE)),"Y","N") -> Y
A55: ='Agency Request'!A54 -> 0 | B55: ='Agency Request'!B54 -> 0 | C55: ='Agency Request'!C54 -> 0 | E55: =IF(B55="N/P (ER)",0,C55) -> 0 | F55: =IF(B55 = "B (EE)",IF(Z55="N",C55,0),0) -> 0 | G55: =IF(B55 = "B (EE)",IF(AA55="N",C55,0),0) -> 0 | H55: =IF(B55 = "B (EE)",IF(AB55="N",C55,0),0) -> 0 | I55: ='Agency Request'!H54 -> 0 | J55: =IF(B55="N/P (ER)",0,I55) -> 0 | K55: =IF(B55="N/P (ER)",I55,0) -> 0 | L55: =IF(B55 = "B (EE)",IF(Z55="N",I55,0),0) -> 0 | M55: =IF(B55 = "B (EE)",IF(AA55="N",I55,0),0) -> 0 | N55: =IF(B55 = "B (EE)",IF(AB55="N",I55,0),0) -> 0 | O55: =IF(X55 = FALSE,L55,E55) -> #N/A | P55: =IF(B55="N/P (ER)",0,C55-I55) -> 0 | Q55: =IF(B55="N/P (ER)",C55-J55,0) -> 0 | X55: =VLOOKUP(A55,unrecoverable,2,FALSE) -> #N/A | Z55: =IF(ISNA(VLOOKUP(A55,FedDed,2,FALSE)),"Y","N") -> Y | AA55: =IF(ISNA(VLOOKUP(A55,State_Ded,2,FALSE)),"Y","N") -> Y | AB55: =IF(ISNA(VLOOKUP(A55,NoSSDed,2,FALSE)),"Y","N") -> Y
A56: ='Agency Request'!A55 -> 0 | B56: ='Agency Request'!B55 -> 0 | C56: ='Agency Request'!C55 -> 0 | E56: =IF(B56="N/P (ER)",0,C56) -> 0 | F56: =IF(B56 = "B (EE)",IF(Z56="N",C56,0),0) -> 0 | G56: =IF(B56 = "B (EE)",IF(AA56="N",C56,0),0) -> 0 | H56: =IF(B56 = "B (EE)",IF(AB56="N",C56,0),0) -> 0 | I56: ='Agency Request'!H55 -> 0 | J56: =IF(B56="N/P (ER)",0,I56) -> 0 | K56: =IF(B56="N/P (ER)",I56,0) -> 0 | L56: =IF(B56 = "B (EE)",IF(Z56="N",I56,0),0) -> 0 | M56: =IF(B56 = "B (EE)",IF(AA56="N",I56,0),0) -> 0 | N56: =IF(B56 = "B (EE)",IF(AB56="N",I56,0),0) -> 0 | O56: =IF(X56 = FALSE,L56,E56) -> #N/A | P56: =IF(B56="N/P (ER)",0,C56-I56) -> 0 | Q56: =IF(B56="N/P (ER)",C56-J56,0) -> 0 | X56: =VLOOKUP(A56,unrecoverable,2,FALSE) -> #N/A | Z56: =IF(ISNA(VLOOKUP(A56,FedDed,2,FALSE)),"Y","N") -> Y | AA56: =IF(ISNA(VLOOKUP(A56,State_Ded,2,FALSE)),"Y","N") -> Y | AB56: =IF(ISNA(VLOOKUP(A56,NoSSDed,2,FALSE)),"Y","N") -> Y
A57: ='Agency Request'!A56 -> 0 | B57: ='Agency Request'!B56 -> 0 | C57: ='Agency Request'!C56 -> 0 | E57: =IF(B57="N/P (ER)",0,C57) -> 0 | F57: =IF(B57 = "B (EE)",IF(Z57="N",C57,0),0) -> 0 | G57: =IF(B57 = "B (EE)",IF(AA57="N",C57,0),0) -> 0 | H57: =IF(B57 = "B (EE)",IF(AB57="N",C57,0),0) -> 0 | I57: ='Agency Request'!H56 -> 0 | J57: =IF(B57="N/P (ER)",0,I57) -> 0 | K57: =IF(B57="N/P (ER)",I57,0) -> 0 | L57: =IF(B57 = "B (EE)",IF(Z57="N",I57,0),0) -> 0 | M57: =IF(B57 = "B (EE)",IF(AA57="N",I57,0),0) -> 0 | N57: =IF(B57 = "B (EE)",IF(AB57="N",I57,0),0) -> 0 | O57: =IF(X57 = FALSE,L57,E57) -> #N/A | P57: =IF(B57="N/P (ER)",0,C57-I57) -> 0 | Q57: =IF(B57="N/P (ER)",C57-J57,0) -> 0 | X57: =VLOOKUP(A57,unrecoverable,2,FALSE) -> #N/A | Z57: =IF(ISNA(VLOOKUP(A57,FedDed,2,FALSE)),"Y","N") -> Y | AA57: =IF(ISNA(VLOOKUP(A57,State_Ded,2,FALSE)),"Y","N") -> Y | AB57: =IF(ISNA(VLOOKUP(A57,NoSSDed,2,FALSE)),"Y","N") -> Y
A58: ='Agency Request'!A57 -> 0 | B58: ='Agency Request'!B57 -> 0 | C58: ='Agency Request'!C57 -> 0 | E58: =IF(B58="N/P (ER)",0,C58) -> 0 | F58: =IF(B58 = "B (EE)",IF(Z58="N",C58,0),0) -> 0 | G58: =IF(B58 = "B (EE)",IF(AA58="N",C58,0),0) -> 0 | H58: =IF(B58 = "B (EE)",IF(AB58="N",C58,0),0) -> 0 | I58: ='Agency Request'!H57 -> 0 | J58: =IF(B58="N/P (ER)",0,I58) -> 0 | K58: =IF(B58="N/P (ER)",I58,0) -> 0 | L58: =IF(B58 = "B (EE)",IF(Z58="N",I58,0),0) -> 0 | M58: =IF(B58 = "B (EE)",IF(AA58="N",I58,0),0) -> 0 | N58: =IF(B58 = "B (EE)",IF(AB58="N",I58,0),0) -> 0 | O58: =IF(X58 = FALSE,L58,E58) -> #N/A | P58: =IF(B58="N/P (ER)",0,C58-I58) -> 0 | Q58: =IF(B58="N/P (ER)",C58-J58,0) -> 0 | X58: =VLOOKUP(A58,unrecoverable,2,FALSE) -> #N/A | Z58: =IF(ISNA(VLOOKUP(A58,FedDed,2,FALSE)),"Y","N") -> Y | AA58: =IF(ISNA(VLOOKUP(A58,State_Ded,2,FALSE)),"Y","N") -> Y | AB58: =IF(ISNA(VLOOKUP(A58,NoSSDed,2,FALSE)),"Y","N") -> Y
A59: ='Agency Request'!A58 -> 0 | B59: ='Agency Request'!B58 -> 0 | C59: ='Agency Request'!C58 -> 0 | E59: =IF(B59="N/P (ER)",0,C59) -> 0 | F59: =IF(B59 = "B (EE)",IF(Z59="N",C59,0),0) -> 0 | G59: =IF(B59 = "B (EE)",IF(AA59="N",C59,0),0) -> 0 | H59: =IF(B59 = "B (EE)",IF(AB59="N",C59,0),0) -> 0 | I59: ='Agency Request'!H58 -> 0 | J59: =IF(B59="N/P (ER)",0,I59) -> 0 | K59: =IF(B59="N/P (ER)",I59,0) -> 0 | L59: =IF(B59 = "B (EE)",IF(Z59="N",I59,0),0) -> 0 | M59: =IF(B59 = "B (EE)",IF(AA59="N",I59,0),0) -> 0 | N59: =IF(B59 = "B (EE)",IF(AB59="N",I59,0),0) -> 0 | O59: =IF(X59 = FALSE,L59,E59) -> #N/A | P59: =IF(B59="N/P (ER)",0,C59-I59) -> 0 | Q59: =IF(B59="N/P (ER)",C59-J59,0) -> 0 | X59: =VLOOKUP(A59,unrecoverable,2,FALSE) -> #N/A | Z59: =IF(ISNA(VLOOKUP(A59,FedDed,2,FALSE)),"Y","N") -> Y | AA59: =IF(ISNA(VLOOKUP(A59,State_Ded,2,FALSE)),"Y","N") -> Y | AB59: =IF(ISNA(VLOOKUP(A59,NoSSDed,2,FALSE)),"Y","N") -> Y
A60: ='Agency Request'!A59 -> 0 | B60: ='Agency Request'!B59 -> 0 | C60: ='Agency Request'!C59 -> 0 | E60: =IF(B60="N/P (ER)",0,C60) -> 0 | F60: =IF(B60 = "B (EE)",IF(Z60="N",C60,0),0) -> 0 | G60: =IF(B60 = "B (EE)",IF(AA60="N",C60,0),0) -> 0 | H60: =IF(B60 = "B (EE)",IF(AB60="N",C60,0),0) -> 0 | I60: ='Agency Request'!H59 -> 0 | J60: =IF(B60="N/P (ER)",0,I60) -> 0 | K60: =IF(B60="N/P (ER)",I60,0) -> 0 | L60: =IF(B60 = "B (EE)",IF(Z60="N",I60,0),0) -> 0 | M60: =IF(B60 = "B (EE)",IF(AA60="N",I60,0),0) -> 0 | N60: =IF(B60 = "B (EE)",IF(AB60="N",I60,0),0) -> 0 | O60: =IF(X60 = FALSE,L60,E60) -> #N/A | P60: =IF(B60="N/P (ER)",0,C60-I60) -> 0 | Q60: =IF(B60="N/P (ER)",C60-J60,0) -> 0 | X60: =VLOOKUP(A60,unrecoverable,2,FALSE) -> #N/A | Z60: =IF(ISNA(VLOOKUP(A60,FedDed,2,FALSE)),"Y","N") -> Y | AA60: =IF(ISNA(VLOOKUP(A60,State_Ded,2,FALSE)),"Y","N") -> Y | AB60: =IF(ISNA(VLOOKUP(A60,NoSSDed,2,FALSE)),"Y","N") -> Y
A61: ='Agency Request'!A60 -> 0 | B61: ='Agency Request'!B60 -> 0 | C61: ='Agency Request'!C60 -> 0 | E61: =IF(B61="N/P (ER)",0,C61) -> 0 | F61: =IF(B61 = "B (EE)",IF(Z61="N",C61,0),0) -> 0 | G61: =IF(B61 = "B (EE)",IF(AA61="N",C61,0),0) -> 0 | H61: =IF(B61 = "B (EE)",IF(AB61="N",C61,0),0) -> 0 | I61: ='Agency Request'!H60 -> 0 | J61: =IF(B61="N/P (ER)",0,I61) -> 0 | K61: =IF(B61="N/P (ER)",I61,0) -> 0 | L61: =IF(B61 = "B (EE)",IF(Z61="N",I61,0),0) -> 0 | M61: =IF(B61 = "B (EE)",IF(AA61="N",I61,0),0) -> 0 | N61: =IF(B61 = "B (EE)",IF(AB61="N",I61,0),0) -> 0 | O61: =IF(X61 = FALSE,L61,E61) -> #N/A | P61: =IF(B61="N/P (ER)",0,C61-I61) -> 0 | Q61: =IF(B61="N/P (ER)",C61-J61,0) -> 0 | X61: =VLOOKUP(A61,unrecoverable,2,FALSE) -> #N/A | Z61: =IF(ISNA(VLOOKUP(A61,FedDed,2,FALSE)),"Y","N") -> Y | AA61: =IF(ISNA(VLOOKUP(A61,State_Ded,2,FALSE)),"Y","N") -> Y | AB61: =IF(ISNA(VLOOKUP(A61,NoSSDed,2,FALSE)),"Y","N") -> Y
A62: ='Agency Request'!A61 -> 0 | B62: ='Agency Request'!B61 -> 0 | C62: ='Agency Request'!C61 -> 0 | E62: =IF(B62="N/P (ER)",0,C62) -> 0 | F62: =IF(B62 = "B (EE)",IF(Z62="N",C62,0),0) -> 0 | G62: =IF(B62 = "B (EE)",IF(AA62="N",C62,0),0) -> 0 | H62: =IF(B62 = "B (EE)",IF(AB62="N",C62,0),0) -> 0 | I62: ='Agency Request'!H61 -> 0 | J62: =IF(B62="N/P (ER)",0,I62) -> 0 | K62: =IF(B62="N/P (ER)",I62,0) -> 0 | L62: =IF(B62 = "B (EE)",IF(Z62="N",I62,0),0) -> 0 | M62: =IF(B62 = "B (EE)",IF(AA62="N",I62,0),0) -> 0 | N62: =IF(B62 = "B (EE)",IF(AB62="N",I62,0),0) -> 0 | O62: =IF(X62 = FALSE,L62,E62) -> #N/A | P62: =IF(B62="N/P (ER)",0,C62-I62) -> 0 | Q62: =IF(B62="N/P (ER)",C62-J62,0) -> 0 | X62: =VLOOKUP(A62,unrecoverable,2,FALSE) -> #N/A | Z62: =IF(ISNA(VLOOKUP(A62,FedDed,2,FALSE)),"Y","N") -> Y | AA62: =IF(ISNA(VLOOKUP(A62,State_Ded,2,FALSE)),"Y","N") -> Y | AB62: =IF(ISNA(VLOOKUP(A62,NoSSDed,2,FALSE)),"Y","N") -> Y
... A67: ='Agency Request'!A66 -> 0 | B67: ='Agency Request'!B66 -> 0 | C67: ='Agency Request'!C66 -> 0 | E67: =IF(B67="N/P (ER)",0,C67) -> 0 | F67: =IF(B67 = "B (EE)",IF(Z67="N",C67,0),0) -> 0 | G67: =IF(B67 = "B (EE)",IF(AA67="N",C67,0),0) -> 0 | H67: =IF(B67 = "B (EE)",IF(AB67="N",C67,0),0) -> 0 | I67: ='Agency Request'!H66 -> 0 | J67: =IF(B67="N/P (ER)",0,I67) -> 0 | K67: =IF(B67="N/P (ER)",I67,0) -> 0 | L67: =IF(B67 = "B (EE)",IF(Z67="N",I67,0),0) -> 0 | M67: =IF(B67 = "B (EE)",IF(AA67="N",I67,0),0) -> 0 | N67: =IF(B67 = "B (EE)",IF(AB67="N",I67,0),0) -> 0 | O67: =IF(X67 = FALSE,L67,E67) -> #N/A | P67: =IF(B67="N/P (ER)",0,C67-I67) -> 0 | Q67: =IF(B67="N/P (ER)",C67-J67,0) -> 0 | X67: =VLOOKUP(A67,unrecoverable,2,FALSE) -> #N/A | Z67: =IF(ISNA(VLOOKUP(A67,FedDed,2,FALSE)),"Y","N") -> Y | AA67: =IF(ISNA(VLOOKUP(A67,State_Ded,2,FALSE)),"Y","N") -> Y | AB67: =IF(ISNA(VLOOKUP(A67,NoSSDed,2,FALSE)),"Y","N") -> Y
A68: NET PAY | C68: =C37-(C47+E68) -> 0 | E68: =SUM(E51:E67) -> 0 | F68: =SUM(F51:F67) -> 0 | G68: =SUM(G51:G67) -> 0 | H68: =SUM(H51:H67) -> 0 | I68: =I37-(I47+J68) -> 0 | J68: =SUM(J51:J67) -> 0 | L68: =SUM(L51:L67) -> 0 | M68: =SUM(M51:M67) -> 0 | N68: =SUM(N51:N67) -> 0 | P68: =P37-SUM(P47,P51:P67) -> 0 | Q68: =SUM(Q51:Q67) -> 0

Sheet ForDeposit 
A1: For Deposit to Payroll Reversal and Exchange
A2: ='Agency Request'!H2 -> OSC Request ID | B2: ='Agency Request'!O2 -> __01-00-1900 | L2: Certified Bank Check
A3: Repayment Type | B3: Certified Bank Check | L3: Money Order
A4: Bank Check Number
A5: Bank Check Amount
A6: Bank Check Date
A7: Date Sent
A9: * This form should be used when submitting a certified bank check.
A10: If the employee is paying with a payroll check or direct deposit reversal
A11: this form is not necessary.
A14: If bank check is to be applied to multipled payroll reversals
A15: list the other OSC Request ID's below.
A16: OSC Request ID
A17: OSC Request ID
A18: OSC Request ID

Sheet LOOKUPS
O1: DON"T FORGET TO FORMAT DED CODES AS # OR LOOKUP WON"T WORK
D3: Earn No Gross | G3: No Fed Earning | J3: No FICA Earnings | M3: No State Earnings | P3: No Fed Tax Ded | S3: No SS Ded | V3: No State Ded | Y3: Federal (Withholding) | Z3: H$U
D4: 0XX | E4: N | G4: 10X | H4: N | J4: 0XX | K4: N | M4: 10X | N4: N | P4: 336 | Q4: N | S4: 336 | T4: N | V4: 336 | W4: N | Y4: Social Security (OASDI/Dis) | Z4: D$U
B5: Column1 | D5: 5XX | E5: N | G5: 10Y | H5: N | J5: 10X | K5: N | M5: 10Y | N5: N | P5: 388 | Q5: N | S5: 388 | T5: N | V5: 388 | W5: N | Y5: Medicare (FICA MED) | Z5: F$U
D6: 6XX | E6: N | G6: 10Z | H6: N | J6: 10Y | K6: N | M6: 10Z | N6: N | P6: 402 | Q6: N | S6: 402 | T6: N | V6: 402 | W6: N | Y6: Additional Medicare | Z6: 7$U
A7: YES | B7: YES | D7: 7XX | E7: N | G7: 11X | H7: N | J7: 10Z | K7: N | M7: 11X | N7: N | P7: 403 | Q7: N | S7: 410 | T7: N | V7: 403 | W7: N | Y7: State (withholding) | Z7: HNY
A8: NO | B8: NO | D8: 8XX | E8: N | G8: 11Y | H8: N | J8: 11X | K8: N | M8: 11Y | N8: N | P8: 404 | Q8: N | S8: 421 | T8: N | V8: 404 | W8: N | Y8: PFL
A9: Tax Class | D9: 9XX | E9: N | G9: 11Z | H9: N | J9: 11Y | K9: N | M9: 11Z | N9: N | P9: 405 | Q9: N | S9: 428 | T9: N | V9: 405 | W9: N
D10: ATT | E10: N | G10: 12X | H10: N | J10: 11Z | K10: N | M10: 12X | N10: N | P10: 408 | Q10: N | S10: 434 | T10: N | V10: 408 | W10: N
A11: B (EE) | D11: CFR | E11: N | G11: 12Y | H11: N | J11: 12X | K11: N | M11: 12Y | N11: N | P11: 410 | Q11: N | S11: 435 | T11: N | V11: 410 | W11: N
A12: A (EE) | D12: CN1 | E12: N | G12: 12Z | H12: N | J12: 12Y | K12: N | M12: 12Z | N12: N | P12: 411 | Q12: N | S12: 438 | T12: N | V12: 413 | W12: N
A13: N/P (ER) | D13: CN2 | E13: N | G13: 13X | H13: N | J13: 12Z | K13: N | M13: 13X | N13: N | P13: 411 | Q13: N | S13: 443 | T13: N | V13: 414 | W13: N
D14: CN3 | E14: N | G14: 13Y | H14: N | J14: 13X | K14: N | M14: 13Y | N14: N | P14: 413 | Q14: N | S14: 445 | T14: N | V14: 415 | W14: N
D15: EDA | E15: N | G15: 13Z | H15: N | J15: 13Y | K15: N | M15: 13Z | N15: N | P15: 414 | Q15: N | S15: 446 | T15: N | V15: 416 | W15: N
A16: Local Taxes | D16: EDF | E16: N | G16: 14X | H16: N | J16: 13Z | K16: N | M16: 14X | N16: N | P16: 415 | Q16: N | S16: 511 | T16: N | V16: 416 | W16: N | Y16: SS | Z16: 0.062
A17: P0001 | D17: FRB | E17: N | G17: 14Y | H17: N | J17: 14X | K17: N | M17: 14Y | N17: N | P17: 416 | Q17: N | S17: 655 | T17: N | V17: 417 | W17: N | Y17: Med | Z17: 0.0145
A18: 84000 | D18: GIR | E18: N | G18: 14Z | H18: N | J18: 14Y | K18: N | M18: 14Z | N18: N | P18: 416 | Q18: N | S18: 656 | T18: N | V18: 418 | W18: N | Y18: PFL | Z18: 0.00432
D19: GIS | E19: N | G19: 15X | H19: N | J19: 14Z | K19: N | M19: 15X | N19: N | P19: 417 | Q19: N | S19: 691 | T19: N | V19: 419 | W19: N
D20: HAS | E20: N | G20: 15Y | H20: N | J20: 15X | K20: N | M20: 15Y | N20: N | P20: 418 | Q20: N | S20: 692 | T20: N | V20: 421 | W20: N
B21: Y | D21: HCR | E21: N | G21: 15Z | H21: N | J21: 15Y | K21: N | M21: 15Z | N21: N | P21: 419 | Q21: N | S21: 693 | T21: N | V21: 428 | W21: N
A22: 438 | B22: Y | D22: HXX | E22: N | G22: 16X | H22: N | J22: 15Z | K22: N | M22: 16X | N22: N | P22: 421 | Q22: N | S22: 694 | T22: N | V22: 432 | W22: N
A23: 439 | B23: Y | D23: ICR | E23: N | G23: 16Y | H23: N | J23: 16X | K23: N | M23: 16Y | N23: N | P23: 428 | Q23: N | S23: 695 | T23: N | V23: 434 | W23: N
A24: 440 | B24: Y | D24: ICS | E24: N | G24: 16Z | H24: N | J24: 16Y | K24: N | M24: 16Z | N24: N | P24: 432 | Q24: N | S24: 696 | T24: N | V24: 435 | W24: N
A25: 441 | B25: Y | D25: IIQ | E25: N | G25: 17X | H25: N | J25: 16Z | K25: N | M25: 17X | N25: N | P25: 434 | Q25: N | S25: BTX011 | T25: N | V25: 438 | W25: N
A26: 446 | B26: Y | D26: IIR | E26: N | G26: 17Y | H26: N | J26: 17X | K26: N | M26: 17Y | N26: N | P26: 435 | Q26: N | S26: BTX013 | T26: N | V26: 446 | W26: N
A27: 447 | B27: Y | D27: IIS | E27: N | G27: 17Z | H27: N | J27: 17Y | K27: N | M27: 17Z | N27: N | P27: 438 | Q27: N | S27: BTX01A | T27: N | V27: 511 | W27: N
A28: 757 | B28: Y | D28: IRM | E28: N | G28: 18X | H28: N | J28: 17Z | K28: N | M28: 18X | N28: N | P28: 442 | Q28: N | S28: BTX01C | T28: N | V28: 655 | W28: N
A29: GARNSH | D29: ISM | E29: N | G29: 18Y | H29: N | J29: 18X | K29: N | M29: 18Y | N29: N | P29: 443 | Q29: N | S29: BTX01G | T29: N | V29: 656 | W29: N
D30: MVE | E30: N | G30: 18Z | H30: N | J30: 18Y | K30: N | M30: 18Z | N30: N | P30: 445 | Q30: N | S30: BTX01H | T30: N | V30: 691 | W30: N
D31: NOT | E31: N | G31: 19X | H31: N | J31: 18Z | K31: N | M31: 19X | N31: N | P31: 446 | Q31: N | S31: BTX01K | T31: N | V31: 692 | W31: N
A32: EMPL STATUS | D32: OVH | E32: N | G32: 19Y | H32: N | J32: 19X | K32: N | M32: 19Y | N32: N | P32: 511 | Q32: N | S32: BTX01N | T32: N | V32: 693 | W32: N
A33: Active | D33: OXX | E33: N | G33: 19Z | H33: N | J33: 19Y | K33: N | M33: 19Z | N33: N | P33: 516 | Q33: N | S33: BTX01Q | T33: N | V33: 694 | W33: N
A34: Leave w/o Pay | D34: PEV | E34: N | G34: 20X | H34: N | J34: 19Z | K34: N | M34: 20X | N34: N | P34: 606 | Q34: N | S34: BTX021 | T34: N | V34: 695 | W34: N
A35: Paid Leave | D35: PL1 | E35: N | G35: 20Y | H35: N | J35: 20X | K35: N | M35: 20Y | N35: N | P35: 608 | Q35: N | S35: BTX023 | T35: N | V35: 696 | W35: N
A36: Terminated | D36: PL2 | E36: N | G36: 20Z | H36: N | J36: 20Y | K36: N | M36: 20Z | N36: N | P36: 611 | Q36: N | S36: BTX02N | T36: N | V36: BTXPYR | W36: N
A37: Retired | D37: PL3 | E37: N | G37: 21X | H37: N | J37: 20Z | K37: N | M37: 21X | N37: N | P37: 613 | Q37: N | S37: BTX02Q | T37: N | V37: HIBTRG | W37: N
A38: Deceased | D38: PL4 | E38: N | G38: 21Y | H38: N | J38: 21X | K38: N | M38: 21Y | N38: N | P38: 616 | Q38: N | S38: BTX031 | T38: N | V38: HIBTSP | W38: N
D39: PL5 | E39: N | G39: 21Z | H39: N | J39: 21Y | K39: N | M39: 21Z | N39: N | P39: 618 | Q39: N | S39: BTX033 | T39: N
D40: RSA | E40: N | G40: 22X | H40: N | J40: 21Z | K40: N | M40: 22X | N40: N | P40: 622 | Q40: N | S40: BTX03G | T40: N
D41: RVC | E41: N | G41: 22Y | H41: N | J41: 22X | K41: N | M41: 22Y | N41: N | P41: 624 | Q41: N | S41: BTX03H | T41: N
A42: Cause of OVP | D42: RVP | E42: N | G42: 22Z | H42: N | J42: 22Y | K42: N | M42: 22Z | N42: N | P42: 627 | Q42: N | S42: BTX03K | T42: N
A43: Retro Transaction (Amount or Action) | D43: SIF | E43: N | G43: 23X | H43: N | J43: 22Z | K43: N | M43: 23X | N43: N | P43: 629 | Q43: N | S43: BTX03N | T43: N
A44: Contract Pay Change | D44: SSA | E44: N | G44: 23Y | H44: N | J44: 23X | K44: N | M44: 23Y | N44: N | P44: 632 | Q44: N | S44: BTX03Q | T44: N
A45: Incorrect Transaction (Amount or Action) | D45: TBA | E45: N | G45: 23Z | H45: N | J45: 23Y | K45: N | M45: 23Z | N45: N | P45: 634 | Q45: N | S45: BTX041 | T45: N
A46: Repayment of Previous Q-Code | D46: TF8 | E46: N | G46: 24X | H46: N | J46: 23Z | K46: N | M46: 24X | N46: N | P46: 638 | Q46: N | S46: BTX043 | T46: N
A47: Lost Time from last check | D47: TF9 | E47: N | G47: 24Y | H47: N | J47: 24X | K47: N | M47: 24Y | N47: N | P47: 639 | Q47: N | S47: BTX04A | T47: N
A48: Accruals - Non PayServ OVP | D48: TMV | E48: N | G48: 24Z | H48: N | J48: 24Y | K48: N | M48: 24Z | N48: N | P48: 642 | Q48: N | S48: BTX04N | T48: N
D49: TXA | E49: N | G49: 25X | H49: N | J49: 24Z | K49: N | M49: 25X | N49: N | P49: 644 | Q49: N | S49: BTX04Q | T49: N
D50: TXE | E50: N | G50: 25Y | H50: N | J50: 25X | K50: N | M50: 25Y | N50: N | P50: 646 | Q50: N | S50: BTX05A | T50: N
D51: TXP | E51: N | G51: 25Z | H51: N | J51: 25Y | K51: N | M51: 25Z | N51: N | P51: 649 | Q51: N | S51: BTX05F | T51: N
A52: Repayment Method | D52: V01 | E52: N | G52: AA3 | H52: N | J52: 25Z | K52: N | M52: AA3 | N52: N | P52: 651 | Q52: N | S52: BTX06B | T52: N
A53: Stop Check | D53: V02 | E53: N | G53: AC3 | H53: N | J53: 5XX | K53: N | M53: AC3 | N53: N | P53: 655 | Q53: N | S53: BTX06C | T53: N
A54: DD Reversal | D54: V03 | E54: N | G54: AC4 | H54: N | J54: 6XX | K54: N | M54: AC4 | N54: N | P54: 656 | Q54: N | S54: BTX06G | T54: N
A55: Bank Check | D55: V04 | E55: N | G55: AC5 | H55: N | J55: 7XX | K55: N | M55: AC5 | N55: N | P55: 670 | Q55: N | S55: BTX06H | T55: N
D56: V05 | E56: N | G56: AC6 | H56: N | J56: 8XX | K56: N | M56: AC6 | N56: N | P56: 672 | Q56: N | S56: BTX06J | T56: N
D57: V06 | E57: N | G57: AC7 | H57: N | J57: 9XX | K57: N | M57: AC7 | N57: N | P57: 673 | Q57: N | S57: BTX06M | T57: N
D58: V07 | E58: N | G58: AJN | H58: N | J58: AA3 | K58: N | M58: ACX | N58: N | P58: 674 | Q58: N | S58: BTX06N | T58: N
D59: V08 | E59: N | G59: APY | H59: N | J59: AC3 | K59: N | M59: AFN | N59: N | P59: 675 | Q59: N | S59: BTX07A | T59: N
D60: V09 | E60: N | G60: ATT | H60: N | J60: AC4 | K60: N | M60: AJN | N60: N | P60: 678 | Q60: N | S60: BTX08B | T60: N
D61: V10 | E61: N | G61: CH1 | H61: N | J61: AC5 | K61: N | M61: APY | N61: N | P61: 680 | Q61: N | S61: BTX08C | T61: N
D62: V11 | E62: N | G62: CH2 | H62: N | J62: AC6 | K62: N | M62: ATT | N62: N | P62: 680 | Q62: N | S62: BTX08G | T62: N
D63: V12 | E63: N | G63: CH3 | H63: N | J63: AC7 | K63: N | M63: CH1 | N63: N | P63: 681 | Q63: N | S63: BTX08H | T63: N
D64: V13 | E64: N | G64: CHH | H64: N | J64: AJN | K64: N | M64: CH2 | N64: N | P64: 682 | Q64: N | S64: BTX08J | T64: N
D65: V14 | E65: N | G65: CHO | H65: N | J65: AMS | K65: N | M65: CH3 | N65: N | P65: 683 | Q65: N | S65: BTX08M | T65: N
D66: V15 | E66: N | G66: CN1 | H66: N | J66: APY | K66: N | M66: CHH | N66: N | P66: 685 | Q66: N | S66: BTX08N | T66: N
D67: V16 | E67: N | G67: CN2 | H67: N | J67: ATT | K67: N | M67: CHO | N67: N | P67: 690 | Q67: N | S67: BTX091 | T67: N
... D73: WWX | E73: N | G73: LP2 | H73: N | J73: LEP | K73: N | M73: HBP | N73: N | P73: 696 | Q73: N | S73: BTX097 | T73: N
D74: WWY | E74: N | G74: LP3 | H74: N | J74: LOO | K74: N | M74: HCB | N74: N | P74: BTX011 | Q74: N | S74: BTX098 | T74: N
D75: WWZ | E75: N | G75: LP4 | H75: N | J75: LP1 | K75: N | M75: HXX | N75: N | P75: BTX013 | Q75: N | S75: BTX0A1 | T75: N
D76: X06 | E76: N | G76: LP5 | H76: N | J76: LP2 | K76: N | M76: IRM | N76: N | P76: BTX01A | Q76: N | S76: BTX0A3 | T76: N
D77: X11 | E77: N | G77: LP6 | H77: N | J77: LP3 | K77: N | M77: ISM | N77: N | P77: BTX01C | Q77: N | S77: BTX0A6 | T77: N
D78: X12 | E78: N | G78: MCR | H78: N | J78: LP4 | K78: N | M78: LEP | N78: N | P78: BTX01G | Q78: N | S78: BTX0A8 | T78: N
D79: X13 | E79: N | G79: MVE | H79: N | J79: LP5 | K79: N | M79: LOO | N79: N | P79: BTX01H | Q79: N | S79: BTX0AA | T79: N
D80: X41 | E80: N | G80: NOT | H80: N | J80: LP6 | K80: N | M80: LP1 | N80: N | P80: BTX01K | Q80: N | S80: BTX0AC | T80: N
D81: X42 | E81: N | G81: OVH | H81: N | J81: MCR | K81: N | M81: LP2 | N81: N | P81: BTX01N | Q81: N | S81: BTX0AF | T81: N
D82: X47 | E82: N | G82: OVP | H82: N | J82: MSP | K82: N | M82: LP3 | N82: N | P82: BTX01Q | Q82: N | S82: BTX0AH | T82: N
D83: X51 | E83: N | G83: OXX | H83: N | J83: MVE | K83: N | M83: LP4 | N83: N | P83: BTX021 | Q83: N | S83: BTX0BA | T83: N
D84: X52 | E84: N | G84: PAR | H84: N | J84: NOT | K84: N | M84: LP5 | N84: N | P84: BTX023 | Q84: N | S84: BTX0BC | T84: N
D85: X53 | E85: N | G85: POA | H85: N | J85: OVH | K85: N | M85: LP6 | N85: N | P85: BTX02N | Q85: N | S85: BTX0CA | T85: N
... D111: ZPL | E111: N | G111: R4Y | H111: N | J111: QC1 | K111: N | M111: Q23 | N111: N | P111: BTX08G | Q111: N | S111: BTX0UA | T111: N
G112: R5Y | H112: N | J112: R1Y | K112: N | M112: Q24 | N112: N | P112: BTX08H | Q112: N | S112: BTX0UF | T112: N
G113: R6Y | H113: N | J113: R2Y | K113: N | M113: Q25 | N113: N | P113: BTX08J | Q113: N | S113: BTX0W6 | T113: N
G114: RAM | H114: N | J114: R3Y | K114: N | M114: QC0 | N114: N | P114: BTX08M | Q114: N | S114: BTX0W8 | T114: N
G115: RGN | H115: N | J115: R4Y | K115: N | M115: QC1 | N115: N | P115: BTX08N | Q115: N | S115: BTX0WA | T115: N
G116: RLX | H116: N | J116: R5Y | K116: N | M116: R1Y | N116: N | P116: BTX091 | Q116: N | S116: BTX0WF | T116: N
G117: RSA | H117: N | J117: R6Y | K117: N | M117: R2Y | N117: N | P117: BTX092 | Q117: N | S117: BTX0WH | T117: N
G118: RTO | H118: N | J118: RAM | K118: N | M118: R3Y | N118: N | P118: BTX093 | Q118: N | S118: BTX0X6 | T118: N
G119: RVP | H119: N | J119: RGN | K119: N | M119: R4Y | N119: N | P119: BTX094 | Q119: N | S119: BTX0X8 | T119: N
G120: SIF | H120: N | J120: RLX | K120: N | M120: R5Y | N120: N | P120: BTX095 | Q120: N | S120: BTX0XF | T120: N
G121: SSA | H121: N | J121: RSA | K121: N | M121: R6Y | N121: N | P121: BTX096 | Q121: N | S121: BTX17D | T121: N
G122: TF1 | H122: N | J122: RTO | K122: N | M122: RAM | N122: N | P122: BTX097 | Q122: N | S122: BTX19D | T122: N
G123: TF2 | H123: N | J123: RVP | K123: N | M123: RGN | N123: N | P123: BTX098 | Q123: N | S123: BTXAB1 | T123: N
... G152: WSA | H152: N | J152: V15 | K152: N | M152: V08 | N152: N | P152: BTX0QX | Q152: N | S152: HIBTSP | T152: N
G153: WSM | H153: N | J153: V16 | K153: N | M153: V09 | N153: N | P153: BTX0R6 | Q153: N
G154: X29 | H154: N | J154: V17 | K154: N | M154: V10 | N154: N | P154: BTX0R8 | Q154: N
G155: XC0 | H155: N | J155: VVV | K155: N | M155: V11 | N155: N | P155: BTX0RF | Q155: N
G156: XC1 | H156: N | J156: WCA | K156: N | M156: V12 | N156: N | P156: BTX0S6 | Q156: N
G157: Y29 | H157: N | J157: WFA | K157: N | M157: V13 | N157: N | P157: BTX0S8 | Q157: N
G158: YC0 | H158: N | J158: WPS | K158: N | M158: V14 | N158: N | P158: BTX0TA | Q158: N
G159: YC1 | H159: N | J159: WSA | K159: N | M159: V15 | N159: N | P159: BTX0TF | Q159: N
...

Sheet Lookup SQL
A2: {=-- Earn No Gross} -> #NAME?
A3: Select E.ERNCD, E.ADD_GROSS
A4: from PS_EARNINGS_TBL E
A5: Where E.EFFDT = (Select Max (ED.EFFDT) From PS_EARNINGS_TBL ED
A6: Where E.ERNCD = ED.ERNCD and E.EFFDT <= SYSDATE)
A7: AND E.ADD_GROSS = 'N'
A8: AND E.EFF_STATUS = 'A'
A9: ;
A11: {=--No FED Earnings} -> #NAME?
A12: Select E.ERNCD, E.SUBJECT_FWT
A13: from PS_EARNINGS_TBL E
A14: Where E.EFFDT = (Select Max (ED.EFFDT) From PS_EARNINGS_TBL ED
A15: Where E.ERNCD = ED.ERNCD and E.EFFDT <= SYSDATE)
A16: AND
A17: E.SUBJECT_FWT = 'N'
A18: AND E.EFF_STATUS = 'A'
A19: ;
A20: {=-- No FICA Earnings} -> #NAME?
A21: Select E.ERNCD, E.SUBJECT_FICA
A22: from PS_EARNINGS_TBL E
A23: Where E.EFFDT = (Select Max (ED.EFFDT) From PS_EARNINGS_TBL ED
A24: Where E.ERNCD = ED.ERNCD and E.EFFDT <= SYSDATE)
A25: AND
A26: E.SUBJECT_FICA = 'N'
A27: AND E.EFF_STATUS = 'A'
A28: ;
A29: {=-- No State Earnings} -> #NAME?
A30: -- PUll all then filter everything where Subject_FWT = N with no Tax Gross Component should be N (not subject to State Tax.
A31: -- Anything with a Suject_FWT = Y and a Tax Gross Component should also be N (Not subject to State Tax.
A32: --If there is an N for Subject_FWT and a Tax Gross Component they are subject to state>
A33: --MUST VERIFY There are no new Tax Gross Components to be added to the next query EACH YEAR
A34: Select E.ERNCD, E.SUBJECT_FWT, E.TAX_GRS_COMPNT
A35: from PS_EARNINGS_TBL E
A36: Where E.EFFDT = (Select Max (ED.EFFDT) From PS_EARNINGS_TBL ED
A37: Where E.ERNCD = ED.ERNCD and E.EFFDT <= SYSDATE)
A38: AND E.EFF_STATUS = 'A'
A39: ;
A41: {=--No State Tax Earnings} -> #NAME?
A42: {=--VERIFY No Tax Gross Components need to be added.} -> #NAME?
A43: Select E.ERNCD, 'N' as No_State
A44: from PS_EARNINGS_TBL E
A45: Where E.EFFDT = (Select Max (ED.EFFDT) From PS_EARNINGS_TBL ED Where E.ERNCD = ED.ERNCD and E.EFFDT <= SYSDATE)
A46: And((E.SUBJECT_FWT = 'N' and E.TAX_GRS_COMPNT <> 'WCSTX')
A47: OR
A48: (E.SUBJECT_FWT = 'Y' and E.TAX_GRS_COMPNT in ('MNA','XMT','DPB','WCFTX','RVC','TMV')))
A49: AND E.EFF_STATUS = 'A'
A50: ;
A51: -- Deduction Verification Review the results of this query to identify if any tax_grs_compnt need to be added to the queires below.
A52: Select D.DEDCD, D.DED_CLASS, D.TAX_GRS_COMPNT, D.WITHHOLD_FWT,D.FICA_EFFECT, D.PLAN_TYPE, A.DESCRSHORT, D.DED_YTD_MAX, A.DESCR
A53: From PS_DEDUCTION_CLASS D, PS_Deduction_TBL A
A54: Where D.PLAN_TYPE = A.PLAN_TYPE
... A130: and A_ED.EFFDT <= SYSDATE))
